 Dungeon Crawl Stone Soup version 0.31-a0-1009-g454b1f1e0a (webtiles) character file.

Game seed: 3100250940099895787

1411190 EnegeticOcto the Alchemist (level 26, 108/108 HPs)
             Began as a Felid Chaos Knight on Nov 14, 2023.
             Was a Favourite Plaything of Xom.
             Escaped with the Orb
             ... and 3 runes!
             The game lasted 03:18:42 (99699 turns).

EnegeticOcto the Alchemist (Felid Chaos Knight)    Turns: 99699, Time: 03:18:43

Health: 108/108    AC:  7    Str:  4 (7)  XL:     26   Next: 10%
Magic:  38/38      EV: 38    Int: 16      God:    Xom [...*..]
Gold:   6022       SH:  4    Dex: 31 (32) Spells: 8/54 levels left
                                        Lives:  2   Deaths: 4

rFire   + +          .
                       - Unarmed
rCold   + . .        (shield unavailable)
rNeg    . . .        (body armour unavailable)
rPois   +            (helmet unavailable)
rElec   +            (cloak unavailable)
rCorr   .            (gloves unavailable)
SInv    +            (boots unavailable)
Will    ++++.        Z - amulet "Duawnaucs" {rPois rF+ rC+ Regen+}
Stlth   +++          w - ring "Tesuvice" {rElec rF+ Will+ Dex+4}
HPRegen 1.18/turn    X - +4 ring of protection
MPRegen 0.26/turn

%: no passive effects
@: studying Translocations, quick
A: very small, claws 1, fangs 3, see invisible, speed 1, shaggy fur 3, stealthy
paws, no weapons or thrown items, no armour, multi-lived, large bone plates 1,
agile 1, deterioration 2, frail 1, low MP 1, mutation resistance 1, screaming 2,
teleportitis 1, no potion heal 1, cold vulnerability 1, inability to drink after
injury 1
0: Orb of Zot
}: 3/15 runes: decaying, serpentine, silver
a: Renounce Religion


You escaped.
You worshipped Xom.
You were a favourite toy of Xom.
You visited 11 branches of the dungeon, and saw 51 of its levels.
You visited 1 bazaar.
You also visited: Sewer, Bailey and Gauntlet.

You collected 10353 gold pieces.
You spent 4331 gold pieces at shops.

Inventory:

Jewellery
 s - a +6 ring of dexterity
   (You found it on level 3 of the Vaults)
 w - the ring "Tesuvice" (left paw) {rElec rF+ Will+ Dex+4}
   (You took it off a vampire mage on level 3 of the Crypt)

   [ring of protection from fire]

   Dex+4:     It affects your dexterity (+4).
   rF+:       It protects you from fire.
   rElec:     It insulates you from electricity.
   Will+:     It increases your willpower.
 E - the ring "Oneunocho" {Wiz rN++ Int+3 Dex-3 SInv}
   (Xom gifted it to you on level 4 of the Lair of Beasts)

   [ring of wizardry]

   Wiz:       It improves your spell success rate.
   Int+3:     It affects your intelligence (+3).
   Dex-3:     It affects your dexterity (-3).
   rN++:      It greatly protects you from negative energy.
   SInv:      It lets you see invisible.
 F - a ring of flight
   (You found it on level 4 of the Lair of Beasts)
 I - the ring of Ajieq {rF+ rC++ AC+4 Str-2 Int+4}
   (You acquired it on level 11 of the Dungeon)

   [ring of protection]

   AC+4:      It affects your AC (+4).
   Str-2:     It affects your strength (-2).
   Int+4:     It affects your intelligence (+4).
   rF+:       It protects you from fire.
   rC++:      It greatly protects you from cold.
 R - a ring of resist corrosion
   (You bought it in a shop on level 1 of the Orcish Mines)
 X - a +4 ring of protection (right paw)
   (You found it on level 3 of the Swamp)
 Z - the amulet "Duawnaucs" (around neck) {rPois rF+ rC+ Regen+}
   (You took it off a deep elf zephyrmancer on level 3 of the Elven Halls)

   [amulet of regeneration]

   rF+:       It protects you from fire.
   rC+:       It protects you from cold.
   rPois:     It protects you from poison Regen+: It increases your rate of
   health regeneration.
Talismans
 t - a granite talisman
   (You found it on level 1 of the Vaults)
Wands
 i - a wand of flame (168) {@v4}
   (You found it on level 3 of the Dungeon)
 j - a wand of mindburst (58)
   (You took it off a kobold on level 3 of the Dungeon)
 l - a wand of light (24) {@v1}
   (Xom gifted it to you on level 5 of the Dungeon)
 o - a wand of digging (15) {@v3}
   (You found it on level 11 of the Dungeon)
 u - a wand of charming (43)
   (You took it off Maurice on level 8 of the Dungeon)
 z - a wand of roots (49) {@v2}
   (You found it on level 1 of the Lair of Beasts)
 V - a wand of polymorph (17)
   (You found it on level 14 of the Dungeon)
Scrolls
 a - 5 scrolls of butterflies
 b - 13 scrolls of fear {!r}
 e - a scroll of revelation {@r5 !r}
 m - 4 scrolls of amnesia
 n - 6 scrolls of vulnerability
 x - 11 scrolls of teleportation {@r3 !r}
 y - 5 scrolls of fog {!r}
 A - 3 scrolls of torment
 G - 3 scrolls of blinking {@r4}
 J - 6 scrolls of immolation
 U - 5 scrolls of poison
Potions
 d - 5 potions of ambrosia
 f - 4 potions of heal wounds {@q2 !q}
 g - 4 potions of enlightenment
 h - 7 potions of attraction
 k - 3 potions of invisibility
 p - a potion of haste {@q4 !q}
 q - 3 potions of berserk rage
 r - 14 potions of curing {@q1 !q}
 B - a potion of magic
 D - 6 potions of lignification {@q6}
 K - 3 potions of brilliance
 M - 2 potions of resistance
 N - 2 potions of cancellation
 O - 5 potions of might {@q3 !q}
Miscellaneous
 C - a phantom mirror (inert)
   (You found it on level 3 of the Lair of Beasts)
 H - a box of beasts (inert)
   (You found it on level 5 of the Lair of Beasts)
 L - a lightning rod (4/4)
   (You found it on level 5 of the Lair of Beasts)
 P - a phial of floods
   (You bought it in a shop on level 1 of the Orcish Mines)
 Q - a tin of tremorstones (inert)
   (You bought it in a shop on level 1 of the Orcish Mines)


   Skills:
 - Level 14.9 Fighting
 - Level 14.9 Dodging
 - Level 14.9 Stealth
 - Level 14.9 Unarmed Combat
 - Level 14.9 Spellcasting
 - Level 14.9 Conjurations
 - Level 14.0 Hexes
 - Level 14.9 Translocations
 - Level 14.9 Transmutations
 - Level 14.9 Air Magic
 - Level 14.9 Earth Magic
 + Level 9.5 Poison Magic
 - Level 14.9 Evocations
 - Level 14.9 Shapeshifting


You had 8 spell levels left.
You knew the following spells:

 Your Spells              Type           Power      Damage    Failure   Level
a - Enfeeble              Hex            27%        N/A       16%         7
b - Wereblood             Tmut           56%        N/A       1%          2
c - Manifold Assault      Tloc           56%        N/A       1%          4
d - Arcjolt               Conj/Air       28%        1d38      1%          5
e - Vhi's Electric Charg  Tloc/Air       100%       N/A       1%          4
f - Shock                 Conj/Air       100%       1d9       0%          1
g - Silence               Hex/Air        27%        N/A       1%          5
h - Cause Fear            Hex            27%        N/A       1%          4
i - Lesser Beckoning      Tloc           100%       N/A       1%          2
j - Confusing Touch       Hex            54%        N/A       1%          3
p - Passwall              Tmut/Erth      46%        N/A       1%          2
z - Irradiate             Conj/Tmut      28%        3d21      1%          5
Y - Blink                 Tloc           100%       N/A       1%          2

Your spell library contained the following spells:

 Spells                   Type           Power      Damage    Failure   Level
 Magic Dart               Conj           100%       1d8       0%          1
 Sandblast                Erth           100%       2d20      0%          1
 Slow                     Hex            100%       N/A       1%          1
 Sting                    Tmut/Pois      100%       1d8       1%          1
 Ensorcelled Hibernation  Hex/Ice        68%        N/A       1%          2
 Jinxbite                 Hex            100%       N/A       1%          2
 Momentum Strike          Conj/Tloc      100%       3d10      1%          2
 Poisonous Vapours        Pois/Air       100%       N/A       1%          2
 Static Discharge         Conj/Air       100%       3-8/arc   1%          2
 Dazzling Flash           Conj/Hex       100%       N/A       1%          3
 Gell's Gravitas          Tloc           56%        N/A       1%          3
 Hailstorm                Conj/Ice       35%        3d9       1%          3
 Ignite Poison            Fire/Tmut/Pois 37%        N/A       1%          3
 Inner Flame              Hex/Fire       34%        N/A       1%          3
 Mephitic Cloud           Conj/Pois/Air  52%        N/A       1%          3
 Sigil of Binding         Hex            54%        N/A       1%          3
 Stone Arrow              Conj/Erth      100%       3d13      1%          3
 Swiftness                Air            56%        N/A       1%          3
 Teleport Other           Tloc           56%        N/A       1%          3
 Tukima's Dance           Hex            54%        N/A       1%          3
 Volatile Blastmotes      Fire/Tloc      70%        2d15      1%          3
 Airstrike                Air            28%        2d(4-20)  1%          4
 Brom's Barrelling Bould  Conj/Erth      56%        2d7       1%          4
 Iskenderun's Mystic Bla  Conj/Tloc      56%        2d12      1%          4
 Leda's Liquefaction      Hex/Erth       27%        N/A       1%          4
 Olgreb's Toxic Radiance  Pois           42%        N/A       1%          4
 Passage of Golubria      Tloc           56%        N/A       1%          4
 Petrify                  Tmut/Erth      56%        N/A       1%          4
 Iskenderun's Battlesphe  Conj           56%        2d11      1%          5
 Lee's Rapid Deconstruct  Erth           28%        3d15*     1%          5
 Yara's Violent Unravell  Hex/Tmut       27%        3d12      1%          5
 Bombard                  Conj/Erth      28%        9d5       1%          6
 Conjure Ball Lightning   Conj/Air       28%        3x3d8     1%          6
 Dispersal                Tloc           28%        N/A       1%          6
 Flame Wave               Conj/Fire      35%        2d10      2%          4
 Sticky Flame             Conj/Fire      35%        2d5       2%          4
 Summon Lightning Spire   Summ/Air       35%        N/A       2%          4
 Anguish                  Hex/Necr       17%        N/A       3%          4
 Freeze                   Ice            44%        1d6       5%          1
 Necrotise                Necr           44%        1d6       5%          1
 Borgnjor's Vile Clutch   Necr/Erth      17%        N/A       7%          5
 Fireball                 Conj/Fire      17%        3d9       7%          5
 Call Imp                 Summ           22%        N/A       9%          2
 Scorch                   Fire           22%        2d5       9%          2
 Sublimation of Blood     Necr           11%        N/A       9%          2
 Summon Mana Viper        Hex/Summ       34%        N/A       9%          5
 Orb of Destruction       Conj           28%        9d9       11%         7
 Frozen Ramparts          Ice            22%        1d4       17%         3
 Ozocubu's Armour         Ice            11%        N/A       17%         3
 Vampiric Draining        Necr           11%        2d6       17%         3
 Plasma Beam              Fire/Air       17%        2x1d29    36%         6
 Starburst                Conj/Fire      17%        6d6       36%         6
 Animate Dead             Necr           11%        N/A       50%         4
 Summon Ice Beast         Ice/Summ       11%        N/A       50%         4
 Disjunction              Tloc           28%        N/A       63%         8
 Lehudib's Crystal Spear  Conj/Erth      28%        10d7      63%         8
 Maxwell's Capacitive Co  Air            28%        ∞         63%         8
 Agony                    Necr           11%        N/A       83%         5
 Death Channel            Necr           5%         N/A       100%        6
 Summon Cactus Giant      Summ           5%         N/A       100%        6
 Haunt                    Necr/Summ      5%         N/A       100%        7
 Monstrous Menagerie      Summ           5%         N/A       100%        7
 Ozocubu's Refrigeration  Ice            5%         4d8       100%        7
 Summon Hydra             Summ           5%         N/A       100%        7
 Borgnjor's Revivificati  Necr           5%         N/A       100%        8
 Ignition                 Fire           5%         3d4       100%        8
 Infestation              Necr           5%         N/A       100%        8
 Chain Lightning          Conj/Air       28%        3d37      100%        9
 Death's Door             Necr           5%         N/A       100%        9
 Fire Storm               Conj/Fire      17%        8d5       100%        9
 Animate Armour           Summ/Erth      Unusable   N/A       N/A         4

Dungeon Overview and Level Annotations

Branches:
Dungeon (15/15)            Temple (0/1) D:5            Lair (5/5) D:9
  Swamp (4/4) Lair:2        Snake (4/4) Lair:2        Slime (1/5) Lair:5
    Orc (2/2) D:12            Elf (3/3) Orc:2        Vaults (5/5) D:13
  Crypt (3/3) Vaults:3       Tomb (0/3) Crypt:3      Depths (4/4) D:15
    Zot (5/5) Depths:4      Sewer (visited)          Bailey (visited)
Gauntlet (visited)

Altars:
Cheibriados
Gozag
Kikubaaqudgha
Makhleb
Qazlal
Ru
Wu Jian
Xom
Yredelemnul
The Shining One
Jiyva
Lugonu

Shops:
D:6 [   D:12 ([   D:15 !   Orc:1 *([*   Orc:2 (![[   Elf:2 *   Elf:3 (
Snake:3 ([(:   Snake:4 ::   Vaults:3 [

Portals:
Hell: Depths:1 Depths:2 Depths:3 Depths:4
Abyss: Zot:1 Depths:3 Depths:4
Pandemonium: Depths:2
Ziggurat: Depths:1

Annotations:
Vaults:2 1 runed translucent door
Depths:3 1 runed translucent door, exclusion: door, Dikisett's ghost, veteran GrCj
Zot:5 1 runed translucent door, exclusions: door, obsidian statue and 1 more exclusion, Vualuitu's ghost, legendary FoHu


Innate Abilities, Weirdness & Mutations

You have sharp claws.
You have razor-sharp teeth.
You have supernaturally acute eyesight. (SInv)
You cover ground quickly. (Speed+)
Your thick and shaggy fur keeps you warm. (AC +3, rC+)
Your paws help you pounce on unaware monsters.
You are incapable of wielding weapons or throwing items.
You cannot wear armour.
You gain extra lives every three experience levels.
You are partially covered in large bone plates. (SH +4)
You are agile. (Dex +4, Str/Int -1)
Your body often deteriorates upon taking damage.
You are frail. (-10% HP)
Your magical capacity is low. (-10% MP)
You are somewhat resistant to further mutation.
You frequently scream uncontrollably at your foes.
You are occasionally teleported next to monsters.
Potions are less effective at restoring your health.
You are vulnerable to cold. (rC-)
You occasionally lose the ability to drink potions when taking damage.


Message History

You claw the Orb Guardian.
You bite the Orb Guardian, but do no damage.
The Orb Guardian is lightly wounded.
The Orb Guardian hits you!!
You feel threatened and lose the ability to drink potions!
You pounce on the helpless Orb Guardian from behind!
You eviscerate the Orb Guardian!!! Your bite misses the Orb Guardian.
The Orb Guardian is severely wounded.
Charge where?
Press: ? - help, Q - select action, (/) - cycle Dir - move target, f/p - Orb Guardian
Aim: an Orb Guardian (severely wounded, blind, 82% to hit)
You charge forward with an electric crackle!
You scratch the Orb Guardian and electrocute it.
The Orb Guardian is severely wounded.
The Orb Guardian completely misses you.
You scratch the Orb Guardian. Your bite misses the Orb Guardian.
The Orb Guardian is almost dead.
The Orb Guardian completely misses you.
You barely miss the Orb Guardian.
You claw the Orb Guardian, but do no damage.
The Orb Guardian is almost dead.
The Orb Guardian hits you!!
Your body deteriorates!
You feel weakened.
You barely miss the Orb Guardian.
The Orb Guardian is almost dead.
The Orb Guardian completely misses you.
You pounce on the helpless Orb Guardian from behind!
You eviscerate the Orb Guardian!!!
You kill the Orb Guardian!
(D) Dungeon (T) Temple (L) Lair (S) Swamp (P) Snake Pit (M) Slime Pits (O) Orcish Mines (E) Elven Halls (V) Vaults (C) Crypt (W) Tomb (U) Depths (H) Hell (Z) Zot
Where to? (Tab/Enter - D:1 @ (x,y), ? - help)
There is an entrance to Tunisinn's Weapon Emporium here.
You can drink potions again.
There is a stone staircase leading up here.
You climb upwards.
There is a stone staircase leading down here.
You see here a +0 troll leather armour.
There is a stone staircase leading up here.
You climb upwards.
There is a stone staircase leading down here.
There is a stone staircase leading up here.
Magic restored.
You climb upwards.
There is a stone staircase leading down here.
There is a stone staircase leading up here.
You climb upwards.
There is a stone staircase leading down here. 2 large abominations come into view.
Unknown command.
There is a stone staircase leading up here.
You climb upwards.
There is a stone staircase leading down, spattered with blood here.
(D) Dungeon (T) Temple (L) Lair (S) Swamp (P) Snake Pit (M) Slime Pits (O) Orcish Mines (E) Elven Halls (V) Vaults (C) Crypt (W) Tomb (U) Depths (H) Hell (Z) Zot
Where to? (Tab/Enter - D:1 @ (x,y), ? - help)
You see here a +0 spear.
You see here a +0 orcbow.
There is a stone staircase leading up, spattered with blood here.
You climb upwards.
There is a stone staircase leading down here.
There is a stone staircase leading up here.
You climb upwards.
There is a stone staircase leading down here.
A rakshasa comes into view. It is wielding a +0 long sword.
Unknown command.
Aiming: Bolt of Light
Press: ? - help, Shift-Dir - straight line, f - rakshasa
Aim: a rakshasa, wielding a +0 long sword and wearing a +0 robe (64% to hit)
The bolt of light hits the rakshasa!
The rakshasa is moderately wounded.
The rakshasa is blinded.
An orange demon comes into view.
The rakshasa gestures at you. The lance of force misses you.
There is a stone staircase leading up here.
You climb upwards.
There is a stone staircase leading down here.
(D) Dungeon (T) Temple (L) Lair (S) Swamp (P) Snake Pit (M) Slime Pits (O) Orcish Mines (E) Elven Halls (V) Vaults (C) Crypt (W) Tomb (U) Depths (H) Hell (Z) Zot
Where to? (Tab/Enter - D:1 @ (x,y), ? - help)
There is a stone staircase leading up here.
You climb upwards.
There is a stone staircase leading down here.
You see here a +0 club.
There is a stone staircase leading up here.
You climb upwards.
There is a stone staircase leading down here.
There is a stone staircase leading up here.
You climb upwards.
There is a stone staircase leading down here.
There is a staircase leading out of the dungeon here.
Unknown command.
You have escaped!

.............................#
†............††..............#
######.†.####.####..######...#
###...## #.# #..# #...# #......#
#.# #..# #...#
#......###.####..#### #...###
####..........#........# #...#.#
...†...................###...#.##
####.)....#####.@............#..#
#..##### #........###...#.). #..#
###..##### #...#...
####..###########..#######...#..>
.............................###.
.....†.......................#...
#############.################.#.
#................# #..........##
####...........#.###.>....#####


There were no monsters in sight!

Vanquished Creatures
  4 dread liches
  An ancient lich (Zot:5)
  Mennas (Crypt:3)
  6 orbs of fire (Zot:5)
  Mara (Snake:4)
  Josephina (Crypt:2)
  Vv (Crypt:3)
  A Killer Klown (Zot:5)
  Bai Suzhen (Crypt:3)
  Saint Roka (Depths:1)
  Xtahua (Crypt:1)
  3 curse toes
  2 caustic shrikes (Depths:3)
  Nikola (Swamp:3)
  Jory (Depths:4)
  A bone dragon (Depths:4)
  6 golden dragons
  Norris (Vaults:3)
  3 electric golems
  A walking crystal tome (Depths:4)
  12 tentacled monstrosities
  Zenata (Crypt:2)
  2 deep elf blademasters (Elf:3)
  Mlioglotl (Swamp:2)
  20 Orb Guardians
  2 liches
  A walking earthen tome (Depths:4)
  5 titans (Vaults:5)
  2 deep elf master archers (Elf:3)
  7 quicksilver dragons
  7 sphinxes
  An Executioner (D:14)
  2 thorn hunters (Swamp:4)
  Agnes (D:14)
  6 death cobs
  6 tengu reavers
  Kirke (D:15)
  3 draconian monks
  8 shadow dragons
  The ghost of Iheguu the Devastator, an adept DsEE of Vehumet (Snake:2)
  11 storm dragons
  A fenstrider witch (Swamp:4)
  6 nagarajas
  An azure jelly (Vaults:4)
  3 draconian knights
  8 deep elf sorcerers
  4 fire giants
  16 vault wardens
  6 frost giants
  2 balrugs (Depths:4)
  An iron dragon (Depths:3)
  2 deep elf elementalists (Elf:3)
  2 draconian scorchers (Zot:1)
  A draconian annihilator (Depths:4)
  2 draconian shifters
  4 curse skulls
  15 ghouls
  A draconian stormcaller (Depths:4)
  4 war gargoyles
  4 formless jellyfish
  A ghost moth (shapeshifter) (Vaults:5)
  4 spriggan defenders (Depths:4)
  A broodmother (shapeshifter) (Vaults:5)
  15 ironbound preservers
  21 stone giants
  The ghost of Minoc the Fencer, a journeyman FoGl of Wu Jian (Lair:3)
  A broodmother (Swamp:3)
  Nessos (D:13)
  7 ironbound thunderhulks
  16 very ugly things
  3 green draconians
  9 deep elf demonologists
  18 vampire knights
  3 eleionomae
  8 black draconians
  7 white draconians
  5 yellow draconians
  5 deep elf annihilators
  7 dire elephants
  4 bunyips
  3 purple draconians (Zot:3)
  4 red draconians
  10 spark wasps
  Snorg (D:14)
  A blizzard demon (Depths:1)
  17 ettins
  4 eidola
  A mummy priest (Crypt:3)
  10 jiangshi
  10 deep elf death magi
  3 green deaths
  An elf zombie (Crypt:3)
  6 fire dragons
  A crystal guardian (Vaults:2)
  2 entropy weavers
  A shambling mangrove (Swamp:3)
  5 deep elf high priests
  37 vault guards
  3 rakshasas
  14 yaktaur captains
  2 great orbs of eyes (Vaults:1)
  9 ice dragons
  An ogre mage (Vaults:5)
  2 salamander tyrants
  A ghost crab (Swamp:3)
  20 hydras
  A catoblepas (Lair:5)
  2 peacekeepers
  4 spriggan air magi
  13 alligators
  A hell beast (Depths:4)
  7 ironbound frosthearts
  3 death knights
  11 anacondas
  4 boulder beetles
  A fenstrider witch skeleton (Crypt:2)
  3 two-headed ogres
  A sphinx skeleton (D:15)
  14 centaur warriors
  7 deep troll shamans
  A demonic crawler (Lair:2)
  12 vampire magi
  13 naga warriors
  A death yak (Lair:5)
  15 deep troll earth magi
  10 tengu warriors
  28 dancing weapons
  12 hell knights
  2 occultists
  21 naga sharpshooters
  8 spriggan berserkers
  A shock serpent (shapeshifter) (Lair:5)
  5 shock serpents
  A sun demon (Depths:4)
  Nergalle (Lair:2)
  3 skysharks (Vaults:3)
  2 soul eaters
  16 deep elf knights
  2 orc high priests
  8 storm dragon zombies
  13 spriggans
  Sonja (D:13)
  3 sixfirhies
  An iron giant zombie (Crypt:3)
  10 salamander mystics
  21 skeletal warriors
  36 deep trolls
  A golden dragon zombie (Crypt:3)
  5 sea snakes (Snake:3)
  2 glowing orange brains
  8 iron trolls
  A shadow demon (Depths:2)
  11 goliath frogs
  A spriggan druid (Swamp:4)
  6 flayed ghosts
  6 naga ritualists
  A death drake (Lair:4)
  11 bog bodies
  11 swamp dragons
  A spriggan simulacrum (Crypt:2)
  20 deep elf archers
  4 arcanists
  An obsidian statue (Depths:4)
  9 orc knights
  20 lindwurms
  8 harpies
  A shadow dragon zombie (Crypt:3)
  14 phantasmal warriors
  An anaconda skeleton (Crypt:2)
  24 ironbound convokers
  32 deep elf pyromancers
  17 deep elf zephyrmancers
  A stone giant zombie (Depths:1)
  25 ugly things
  12 mana vipers
  2 mana vipers (shapeshifter)
  9 necromancers
  4 orc sorcerers
  A frost giant zombie (Depths:1)
  7 will-o-the-wisps
  A fire giant zombie (Depths:1)
  18 moths of wrath
  2 cyclopes (D:14)
  22 salamanders
  16 elephants
  17 naga magi
  A titan simulacrum (Depths:1)
  17 vault sentinels
  Maurice (D:8)
  4 smoke demons
  39 black mambas
  2 frost giant skeletons (Depths:1)
  9 guardian serpents
  A storm dragon simulacrum (Depths:2)
  A water nymph (shapeshifter) (Vaults:5)
  A torpor snail (Lair:3)
  2 gargoyles (D:11)
  A water nymph (Lair:1)
  An unseen horror (D:12)
  15 cane toads
  11 komodo dragons
  An alligator snapping turtle zombie (Crypt:2)
  A tormentor (Depths:4)
  4 freezing wraiths
  A tengu conjurer (Depths:1)
  A komodo dragon (shapeshifter) (D:15)
  23 yaktaurs
  An anaconda simulacrum (Crypt:2)
  3 kobold demonologists
  8 guardian mummies
  2 human skeletons
  2 rime drakes
  An unseen horror skeleton (Crypt:1)
  2 ice devils (Depths:4)
  9 trolls
  A red devil (Depths:4)
  A queen bee (Lair:4)
  5 polar bears
  3 meliai (Lair:4)
  A glass eye (shapeshifter) (Vaults:5)
  A merfolk (shapeshifter) (Vaults:5)
  A queen bee (shapeshifter) (Elf:3)
  11 hornets
  A merfolk (Elf:1)
  A raiju (shapeshifter) (D:15)
  12 tyrant leeches
  11 blink frogs
  4 dream sheep (Lair:3)
  4 glass eyes
  2 spriggan zombies (Depths:2)
  A harpy skeleton (Crypt:1)
  A fire giant simulacrum (Depths:1)
  A black mamba zombie (Crypt:3)
  2 ettin zombies
  A jumping spider (Lair:4)
  A stone giant simulacrum (Vaults:1)
  26 slime creatures
  An air elemental (Elf:3)
  A satyr skeleton (Crypt:1)
  4 water elementals
  3 shadows
  A wyvern (shapeshifter) (D:15)
  A ynoxinul (Depths:4)
  5 flying skulls (Crypt:2)
  17 vampires (Crypt:3)
  5 wyverns
  2 hogs (D:15)
  7 wraiths
  3 humans (D:13)
  A human (shapeshifter) (Elf:2)
  2 yaks (shapeshifter) (Elf:1)
  3 redbacks (Vaults:2)
  A golden eye (shapeshifter) (Vaults:4)
  2 fire elementals
  4 basilisks
  4 steam dragons
  3 vampire mosquitoes (D:13)
  A chaos spawn (Depths:3)
  37 yaks
  A harpy simulacrum (Crypt:2)
  A warg (shapeshifter) (Vaults:5)
  15 swamp worms
  10 wargs
  34 nagas
  6 water moccasins
  An acid dragon (D:11)
  A glowing shapeshifter skeleton (Depths:1)
  5 human zombies
  A naga zombie (Crypt:3)
  2 tengu skeletons
  8 swamp drakes
  51 orc warriors
  10 ice beasts
  2 sky beasts (D:7)
  3 black bears
  Pargi (Sewer)
  A dream sheep zombie (Crypt:3)
  A black bear (shapeshifter) (Vaults:5)
  8 boggarts
  9 ogres
  7 centaurs
  35 wolves
  A dream sheep skeleton (Crypt:3)
  An elf simulacrum (Vaults:1)
  A hog skeleton (Crypt:3)
  7 kobold brigands
  6 necrophages
  A gnoll sergeant (D:8)
  2 earth elementals
  11 bullfrogs
  An entropy weaver simulacrum (Vaults:1)
  A komodo dragon skeleton (Crypt:2)
  3 scorpions (D:5)
  A draconian skeleton (Crypt:2)
  A troll zombie (Crypt:2)
  26 killer bees
  A polar bear skeleton (Crypt:3)
  3 electric eels
  6 howler monkeys
  6 hounds
  3 jellies
  4 gnoll boudas
  8 orc priests
  2 iguanas (D:5)
  5 sleepcaps
  22 orc wizards
  An acid dragon skeleton (Crypt:3)
  A hound zombie (Crypt:3)
  3 mummies (Crypt:1)
  28 gnolls
  7 adders
  5 river rats
  3 shadow imps
  2 white imps (D:7)
  2 ufetubi (D:7)
  An iguana zombie (Crypt:1)
  A jelly zombie (Crypt:1)
  A lava snake skeleton (Crypt:1)
  An adder zombie (Crypt:1)
  3 worms
  2 dart slugs (D:1)
  93 orcs
  7 ball pythons
  8 endoplasms
  7 giant cockroaches
  12 goblins
  7 hobgoblins
  8 jackals
  20 kobolds
  2 quokkas
  5 bats
  8 frilled lizards
  A frilled lizard zombie (Crypt:2)
  A goblin zombie (Crypt:1)
  2 hobgoblin zombies (Crypt:3)
  15 rats
  A lurking horror (Zot:1)
2158 creatures vanquished.

Vanquished Creatures (collateral kills)
  An orb of fire (Zot:5)
  Rupert (D:13)
  2 Orb Guardians (Zot:5)
  A tentacled monstrosity (Zot:1)
  A death cob (Zot:3)
  2 shadow dragons
  A storm dragon (Zot:1)
  2 nagarajas (Snake:4)
  A deep elf sorcerer (Elf:2)
  2 draconian shifters (Zot:5)
  A draconian scorcher (Zot:5)
  2 very ugly things
  An eleionoma (Swamp:1)
  A draconian annihilator (Zot:1)
  A green draconian (Zot:5)
  3 black draconians
  2 white draconians
  A yellow draconian (Zot:3)
  An ice dragon (Depths:3)
  Fannar (Orc:1)
  A vault guard (D:13)
  An anaconda (Snake:4)
  A deep troll earth mage (Depths:1)
  A titan zombie (Crypt:3)
  A salamander mystic (Snake:3)
  2 skeletal warriors (D:15)
  A deep troll (Vaults:1)
  An ugly thing (Vaults:5)
  2 deep elf pyromancers (Elf:2)
  3 salamanders
  2 black mambas
  An efreet (D:15)
  A komodo dragon (Lair:4)
  A human (D:13)
  6 nagas
  A swamp worm (Swamp:3)
  An ogre (D:5)
  A killer bee (D:9)
56 creatures vanquished.

Vanquished Creatures (others)
  2 death cobs (Zot:5)
  3 draconian monks
  A very ugly thing (Vaults:5)
  A purple draconian (Zot:5)
  A white draconian (Zot:5)
  A deep elf annihilator (Elf:1)
  A yellow draconian (Zot:1)
  A rakshasa (Depths:1)
  4 dancing weapons
  A deep troll (Depths:2)
  A deep elf pyromancer (Elf:2)
  A phantasmal warrior (Crypt:1)
  A necromancer (D:15)
  A deep elf zephyrmancer (Elf:1)
  An ugly thing (Vaults:5)
  A moth of wrath (Zot:5)
  A yaktaur (Vaults:4)
  A bloated husk (Swamp:1)
  A queen bee (Zot:5)
  A shadow dragon simulacrum (Crypt:2)
  A spriggan (Swamp:4)
  A fire elemental (Elf:1)
  2 humans (D:15)
  A harpy simulacrum (Crypt:2)
  An orc wizard (Orc:1)
  A gnoll (D:7)
  4 foxfires
37 creatures vanquished.

Grand Total: 2251 creatures vanquished

Notes
Turn   | Place    | Note
-------+----------+-------------------------------------------
     0 | D:1      | EnegeticOcto the Felid Chaos Knight began the quest for the
                  | Orb.
     0 | D:1      | Reached XP level 1. HP: 10/10 MP: 2/2
    55 | D:1      | Reached skill level 1 in Stealth
   101 | D:1      | Reached skill level 2 in Stealth
   156 | D:1      | Reached XP level 2. HP: 12/14 MP: 3/3
   258 | D:1      | Reached skill level 3 in Stealth
   421 | D:1      | Reached XP level 3. HP: 14/17 MP: 4/4
   482 | D:1      | XOM is BORED!
   482 | D:1      | XOM: polymorph rat -> adder
   497 | D:1      | XOM: butterfly on damage
   509 | D:1      | XOM: silly message
   657 | D:1      | Reached skill level 4 in Unarmed Combat
   689 | D:1      | Found a faded altar of an unknown god.
   790 | D:1      | XOM is BORED!
   790 | D:1      | XOM: silly message
  1192 | D:2      | Found a shimmering altar of Xom.
  1241 | D:2      | Reached XP level 4. HP: 14/21 MP: 5/5
  1374 | D:2      | Learned a level 1 spell: Shock
  1462 | D:2      | XOM: give mutations
  1462 | D:2      | Gained mutation: You sometimes lose your temper in combat.
                  | [Xom's mischief]
  1462 | D:2      | Gained mutation: You are dopey. (Int -2) [Xom's mischief]
  1462 | D:2      | Gained mutation: You are clumsy. (Dex -2) [Xom's mischief]
  1462 | D:2      | Gained mutation: You have hidden genetic defects. [Xom's
                  | mischief]
  1506 | D:2      | XOM: noise
  1554 | D:2      | XOM: god gift: scale mail {god gift}
  1774 | D:3      | Gained mutation: You are frail. (-10% HP) [hidden defects]
  1924 | D:3      | XOM: cast spell 'Alistair's Intoxication'
  1938 | D:3      | Reached skill level 1 in Conjurations
  1938 | D:3      | Reached skill level 1 in Air Magic
  1971 | D:3      | Found a glowing drain.
  1976 | Sewer    | Entered a sewer
  1986 | Sewer    | Reached skill level 1 in Spellcasting
  2013 | Sewer    | Noticed Pargi
  2046 | Sewer    | XOM: god gift: 2 stones
  2092 | Sewer    | Slain by Pargi
  2093 | Sewer    | XOM: summons 4 friendly demons
  2102 | Sewer    | Killed Pargi
  2103 | Sewer    | Reached XP level 5. HP: 21/21 MP: 6/8
  2111 | Sewer    | Gained mutation: Your body sometimes deteriorates upon
                  | taking damage. [hidden defects]
  2111 | Sewer    | Lost mutation: You have hidden genetic defects. [hidden
                  | defects expressed]
  2208 | D:3      | Learned a level 2 spell: Blink
  2292 | D:2      | XOM: silly message
  2314 | D:3      | Reached skill level 2 in Conjurations
  2461 | D:3      | Reached skill level 2 in Spellcasting
  2461 | D:3      | Reached skill level 2 in Air Magic
  2609 | D:3      | Gained mutation: You are covered in thick fur. (AC +2)
                  | [Felid growth]
  2609 | D:3      | Reached XP level 6. HP: 7/25 MP: 6/10
  2616 | D:3      | HP: 1/25 [poisoned by an adder]
  2766 | D:3      | XOM: 5-stop teleportation journey
  2779 | D:3      | XOM: give mutations
  2779 | D:3      | Gained mutation: You occasionally lose the ability to read
                  | scrolls when taking damage. [Xom's mischief]
  2779 | D:3      | Gained mutation: You expend magic power (3 MP) to
                  | strengthen your wands. [Xom's mischief]
  2779 | D:3      | Gained mutation: You sometimes lose the ability to read
                  | scrolls when taking damage. [Xom's mischief]
  2974 | D:3      | XOM: fake destruction
  3058 | D:2      | XOM: give mutations
  3058 | D:2      | Gained mutation: You are very frail. (-20% HP) [Xom's
                  | mischief]
  3058 | D:2      | Lost mutation: You are very frail. (-20% HP) [Xom's
                  | mischief]
  3058 | D:2      | Lost mutation: You are frail. (-10% HP) [Xom's mischief]
  3058 | D:2      | Lost mutation: You are dopey. (Int -2) [Xom's mischief]
  3206 | D:3      | Reached skill level 3 in Air Magic
  3217 | D:3      | Learned a level 4 spell: Airstrike
  3816 | D:4      | XOM: 1-stop teleportation journey
  3830 | D:4      | XOM: polymorph iguana -> worm
  3933 | D:4      | XOM: 4-stop teleportation journey
  4117 | D:4      | XOM: cast spell 'Chain of Chaos'
  4126 | D:4      | Reached skill level 4 in Dodging
  4134 | D:4      | XOM: noise
  4186 | D:4      | XOM: noise
  4189 | D:4      | Reached XP level 7. HP: 31/31 MP: 7/11
  4410 | D:5      | Entered Level 5 of the Dungeon
  4490 | D:5      | Reached skill level 4 in Air Magic
  4837 | D:5      | Reached skill level 5 in Dodging
  4950 | D:5      | XOM: god gift: wand of light (4)
  4981 | D:5      | XOM: summons 2 friendly demons
  5059 | D:5      | XOM: cast spell 'Call Canine Familiar'
  5158 | D:5      | Reached skill level 1 in Evocations
  5377 | D:5      | Reached skill level 5 in Air Magic
  5486 | D:5      | XOM: give mutations
  5486 | D:5      | Gained mutation: You are dopey. (Int -2) [Xom's mischief]
  5486 | D:5      | Lost mutation: You expend magic power (3 MP) to strengthen
                  | your wands. [Xom's mischief]
  5486 | D:5      | Lost mutation: Your body sometimes deteriorates upon taking
                  | damage. [Xom's mischief]
  5585 | D:5      | XOM: give mutations
  5585 | D:5      | Gained mutation: You are somewhat resistant to further
                  | mutation. [Xom's mischief]
  5585 | D:5      | Lost mutation: You are dopey. (Int -2) [Xom's mischief]
  5585 | D:5      | Lost mutation: You are somewhat resistant to further
                  | mutation. [Xom's mischief]
  5585 | D:5      | Gained mutation: Your muscles are strong. (Str +4, Int/Dex
                  | -1) [Xom's mischief]
  5587 | D:5      | XOM: cleaving
  5602 | D:5      | Reached XP level 8. HP: 19/34 MP: 1/13
  5768 | D:5      | XOM: summons 5 hostile demons
  5885 | D:5      | XOM: give mutations
  5885 | D:5      | Gained mutation: You are dopey. (Int -2) [Xom's mischief]
  5885 | D:5      | Lost mutation: You sometimes lose your temper in combat.
                  | [Xom's mischief]
  5885 | D:5      | Gained mutation: You are somewhat resistant to further
                  | mutation. [Xom's mischief]
  5885 | D:5      | Lost mutation: You are dopey. (Int -2) [Xom's mischief]
  5937 | D:5      | Found a staircase to the Ecumenical Temple.
  5951 | D:5      | Reached skill level 2 in Evocations
  5994 | D:5      | Found a burning altar of Makhleb.
  6073 | D:5      | XOM: give mutations
  6073 | D:5      | Gained mutation: You are partially covered in iridescent
                  | scales. (AC +2) [Xom's mischief]
  6073 | D:5      | Lost mutation: You are somewhat resistant to further
                  | mutation. [Xom's mischief]
  6073 | D:5      | Gained mutation: You passively map a small area around you.
                  | [Xom's mischief]
  6073 | D:5      | Lost mutation: You are partially covered in iridescent
                  | scales. (AC +2) [Xom's mischief]
  6084 | D:5      | XOM: give mutations
  6084 | D:5      | Lost mutation: Your muscles are strong. (Str +4, Int/Dex
                  | -1) [Xom's mischief]
  6084 | D:5      | Gained mutation: Your body sometimes deteriorates upon
                  | taking damage. [Xom's mischief]
  6084 | D:5      | Gained mutation: You do not regenerate when monsters are
                  | visible. [Xom's mischief]
  6183 | D:6      | Reached skill level 1 in Translocations
  6290 | D:6      | XOM is BORED!
  6290 | D:6      | XOM: 2-stop teleportation journey
  6305 | D:6      | Found Bituubim's Antique Armour Boutique.
  6471 | D:6      | Reached skill level 4 in Fighting
  6471 | D:6      | Reached skill level 3 in Spellcasting
  6471 | D:6      | Reached skill level 2 in Translocations
  6663 | D:6      | Found a sacrificial altar of Ru.
  6664 | D:6      | Found a snail-covered altar of Cheibriados.
  6836 | D:6      | XOM: scenery: create altars
  6847 | D:6      | Reached skill level 5 in Fighting
  6847 | D:6      | Reached skill level 4 in Spellcasting
  6847 | D:6      | Reached skill level 6 in Air Magic
  6877 | D:6      | XOM: enchant monster (good)
  6879 | D:6      | Reached skill level 7 in Air Magic
  6879 | D:6      | Reached XP level 9. HP: 19/40 MP: 0/16
  7152 | D:6      | XOM: polymorph ogre -> ice beast
  7261 | D:6      | XOM: give mutations
  7261 | D:6      | Gained mutation: You are vulnerable to cold. (rC-) [Xom's
                  | mischief]
  7261 | D:6      | Lost mutation: You are vulnerable to cold. (rC-) [Xom's
                  | mischief]
  7261 | D:6      | Gained mutation: You are very clumsy. (Dex -4) [Xom's
                  | mischief]
  7261 | D:6      | Lost mutation: You do not regenerate when monsters are
                  | visible. [Xom's mischief]
  7368 | D:7      | Reached skill level 8 in Air Magic
  7393 | D:6      | XOM: give mutations
  7393 | D:6      | Gained mutation: Your muscles are strong. (Str +4, Int/Dex
                  | -1) [Xom's mischief]
  7393 | D:6      | Lost mutation: You passively map a small area around you.
                  | [Xom's mischief]
  7716 | D:7      | Reached skill level 6 in Dodging
  7716 | D:7      | Reached skill level 4 in Stealth
  7934 | D:7      | XOM: divination: magic mapping
  7956 | D:7      | Slain by an ufetubus
  8172 | D:7      | XOM: 1-stop teleportation journey
  8190 | D:7      | Reached skill level 5 in Stealth
  8208 | D:7      | Reached skill level 7 in Dodging
  8208 | D:7      | Reached skill level 5 in Spellcasting
  8495 | D:7      | XOM: noise
  9004 | D:7      | Noticed a red ugly thing
  9075 | D:7      | XOM: divination: magic mapping
  9300 | D:7      | Identified the orb of Beogh's Regard {light, rPois Will+
                  | Regen+}
  9305 | D:7      | XOM: potion effect (haste)
  9314 | D:7      | Killed a red ugly thing
  9315 | D:7      | Reached skill level 8 in Dodging
  9315 | D:7      | Reached skill level 6 in Spellcasting
  9315 | D:7      | Reached XP level 10. HP: 44/44 MP: 0/20
  9393 | D:6      | XOM: cloud trail
  9609 | D:7      | XOM is BORED!
  9841 | D:8      | XOM: noise
  9847 | D:8      | XOM: noise
  9962 | D:8      | Noticed a two-headed ogre
  9966 | D:8      | Killed a two-headed ogre
 10104 | D:7      | XOM: give mutations
 10104 | D:7      | Gained mutation: You are vulnerable to heat. (rF-) [Xom's
                  | mischief]
 10104 | D:7      | Gained mutation: Your muscles are very strong. (Str +8,
                  | Int/Dex -2) [Xom's mischief]
 10767 | D:8      | XOM: 4-stop teleportation journey
 10775 | D:8      | XOM: god gift: runed great mace {god gift}
 10919 | D:8      | Found an ornate altar of the Wu Jian Council.
 10934 | D:8      | Noticed Maurice
 10939 | D:8      | Killed Maurice
 11115 | D:8      | XOM: confuse monster(s)
 11148 | D:8      | Reached skill level 9 in Dodging
 11472 | D:8      | XOM: scenery: create altars
 11581 | D:9      | Found a flagged portal.
 11586 | D:9      | Reached skill level 6 in Fighting
 11586 | D:9      | Reached skill level 7 in Spellcasting
 11611 | D:9      | XOM: smoke on damage
 11788 | Bailey   | Entered a bailey
 11901 | Bailey   | XOM: scenery: 3 doors open
 12153 | Bailey   | XOM: confuse monster(s)
 12255 | Bailey   | Reached skill level 9 in Air Magic
 12507 | Bailey   | Found an iron altar of Okawaru.
 12647 | D:9      | Reached skill level 10 in Dodging
 12781 | D:9      | XOM: butterfly on damage
 12847 | D:8      | XOM: silly message
 12926 | D:9      | Slain by a polar bear
 12959 | D:9      | Reached skill level 7 in Fighting
 12963 | D:9      | Reached XP level 11. HP: 37/50 MP: 2/22
 13264 | D:9      | Found a staircase to the Lair.
 13357 | D:9      | Identified the +6 orcbow "Cibriorph" {flame, *Slow Fly rC+
                  | Str+10} (Xom gifted it to you on level 9 of the Dungeon)
 13357 | D:9      | XOM: god gift: +6 orcbow "Cibriorph" {chaos, *Slow Fly rC+
                  | Str+10}
 13429 | D:8      | XOM: god gift: 5 stones
 13699 | D:9      | XOM: cloud trail
 13997 | D:9      | Found a basalt altar of Yredelemnul.
 14094 | D:9      | Found a stormy altar of Qazlal.
 14190 | D:10     | Entered Level 10 of the Dungeon
 14204 | D:10     | XOM: give mutations
 14204 | D:10     | Gained mutation: You expend magic power (3 MP) to
                  | strengthen your wands. [Xom's grace]
 14204 | D:10     | Gained mutation: Your system is resistant to poisons.
                  | (rPois) [Xom's grace]
 14204 | D:10     | Gained mutation: You are partially covered in iridescent
                  | scales. (AC +2) [Xom's grace]
 14563 | D:10     | XOM: 2-stop teleportation journey
 14651 | D:10     | XOM: give mutations
 14651 | D:10     | Gained mutation: You have a pair of small antennae on your
                  | head. [Xom's grace]
 14651 | D:10     | Gained mutation: You are mostly covered in iridescent
                  | scales. (AC +4) [Xom's grace]
 14742 | D:10     | XOM: god gift: book of Debilitation
 15001 | D:10     | XOM: noise
 15202 | D:10     | XOM: 1-stop teleportation journey
 15461 | Lair:1   | Entered Level 1 of the Lair of Beasts
 15497 | Lair:1   | Identified the +11 shortbow of Gallantry {drain, Str+2
                  | Dex-2 SInv}
 15505 | Lair:1   | XOM: give mutations
 15505 | Lair:1   | Lost mutation: You are very clumsy. (Dex -4) [Xom's grace]
 15505 | Lair:1   | Lost mutation: You are clumsy. (Dex -2) [Xom's grace]
 15505 | Lair:1   | Gained mutation: You are agile. (Dex +4, Str/Int -1) [Xom's
                  | grace]
 15505 | Lair:1   | Gained mutation: You are very agile. (Dex +8, Str/Int -2)
                  | [Xom's grace]
 15510 | Lair:1   | XOM: polymorph bullfrog -> boggart
 15917 | Lair:1   | Reached skill level 8 in Fighting
 15988 | Lair:1   | XOM: scenery: 1 doors open
 16070 | Lair:1   | Reached skill level 10 in Air Magic
 16094 | Lair:1   | XOM: 1-stop teleportation journey
 16208 | Lair:1   | XOM: noise
 16239 | Lair:1   | XOM: silly message
 16250 | Lair:1   | XOM: divination: detect creatures
 16255 | Lair:1   | XOM: noise
 16385 | Lair:1   | XOM is BORED!
 16492 | Lair:1   | XOM: polymorph elephant -> water nymph
 16514 | Lair:1   | XOM: noise
 16704 | Lair:1   | Reached skill level 8 in Spellcasting
 16712 | Lair:1   | XOM: 4-stop teleportation journey
 16813 | Lair:1   | Reached skill level 9 in Fighting
 16860 | Lair:1   | XOM: 1-stop teleportation journey
 17225 | Lair:1   | XOM: swap monsters
 17530 | Lair:1   | XOM: destruction
 17531 | Lair:1   | XOM: fake destruction
 17791 | Lair:2   | XOM: stealth player
 17807 | Lair:2   | Found a gate leading to a gauntlet.
 17820 | Gauntlet | Entered a Gauntlet
 17820 | Gauntlet | Found a transporter.
 17825 | Gauntlet | Found a transporter.
 17829 | Gauntlet | Found a transporter.
 17837 | Gauntlet | Found a transporter.
 17839 | Gauntlet | Noticed an arcanist
 17841 | Gauntlet | Found a transporter.
 17849 | Gauntlet | Noticed an entropy weaver
 17850 | Gauntlet | Found a transporter.
 17853 | Gauntlet | Found a transporter.
 17857 | Gauntlet | Found a runed translucent door.
 17858 | Gauntlet | Noticed an obsidian statue
 17859 | Gauntlet | Found a runed translucent door.
 17861 | Gauntlet | Found a transporter.
 17865 | Gauntlet | Found a transporter.
 17869 | Gauntlet | Noticed a reaper
 17873 | Gauntlet | Found a transporter.
 17894 | Gauntlet | Found a transporter.
 17906 | Gauntlet | Found a transporter.
 17918 | Gauntlet | Found a transporter.
 17931 | Gauntlet | Found a transporter.
 17968 | Gauntlet | XOM: noise
 18028 | Lair:2   | XOM: enchant monster (bad)
 18030 | Lair:2   | XOM: cleaving
 18185 | Lair:1   | XOM: divination: detect creatures
 18186 | Lair:1   | XOM: summons 4 friendly demons
 18197 | Lair:1   | Reached skill level 9 in Spellcasting
 18202 | Lair:1   | XOM: polymorph iron imp -> shadow imp
 18370 | Lair:2   | Gained mutation: Your thick and shaggy fur keeps you warm.
                  | (AC +3, rC+) [Felid growth]
 18370 | Lair:2   | Reached XP level 12. HP: 58/58 MP: 2/26
 18584 | Lair:1   | Reached skill level 10 in Fighting
 18713 | Lair:2   | Noticed Nergalle
 18719 | Lair:2   | Killed Nergalle
 18753 | Lair:2   | XOM: give mutations
 18753 | Lair:2   | Lost mutation: You have a pair of small antennae on your
                  | head. [Xom's mischief]
 18753 | Lair:2   | Gained mutation: You have hidden genetic potential. [Xom's
                  | mischief]
 18753 | Lair:2   | Gained mutation: You have a pair of small antennae on your
                  | head. [Xom's mischief]
 18753 | Lair:2   | Lost mutation: You have a pair of small antennae on your
                  | head. [Xom's mischief]
 19007 | Lair:2   | XOM: confuse monster(s)
 19009 | Lair:2   | XOM: cast spell 'Chain of Chaos'
 19015 | Lair:2   | XOM: noise
 19027 | Lair:2   | XOM: repel stairs
 19031 | Lair:2   | XOM: enchant monster (bad)
 19331 | Lair:2   | Reached skill level 11 in Dodging
 19599 | Lair:2   | Found a staircase to the Snake Pit.
 19796 | Lair:2   | Noticed a demonic crawler
 19796 | Lair:2   | XOM: fake destruction
 19800 | Lair:2   | XOM: summons friendly iron imp
 20049 | Lair:2   | Reached skill level 10 in Spellcasting
 20227 | Lair:2   | XOM: give mutations
 20227 | Lair:2   | Gained mutation: You possess an exceptional clarity of
                  | mind. [Xom's grace]
 20227 | Lair:2   | Gained mutation: You passively map a small area around you.
                  | [Xom's grace]
 20233 | Lair:3   | Found a large runed translucent door.
 20233 | Lair:3   | Found a large runed translucent door.
 20433 | Lair:3   | XOM: noise
 20449 | Lair:3   | XOM: divination: detect creatures
 20452 | Lair:3   | Reached skill level 5 in Unarmed Combat
 20514 | Lair:3   | Reached skill level 12 in Dodging
 20528 | Lair:3   | Noticed an eight-headed hydra
 20702 | Lair:3   | Noticed Minoc's ghost (journeyman FoGl)
 20728 | Lair:3   | XOM: scenery: summon butterflies
 20843 | Lair:3   | XOM: give mutation
 20843 | Lair:3   | Lost mutation: You are mostly covered in iridescent scales.
                  | (AC +4) [Xom's mischief]
 21037 | Lair:3   | XOM: silly message
 21055 | Lair:3   | XOM: 2-stop teleportation journey
 21194 | Lair:3   | XOM: noise
 21207 | Lair:3   | Killed an eight-headed hydra
 21208 | Lair:3   | Reached skill level 6 in Unarmed Combat
 21396 | Lair:3   | XOM: give mutations
 21396 | Lair:3   | Lost mutation: You have hidden genetic potential. [Xom's
                  | mischief]
 21396 | Lair:3   | Lost mutation: Your body sometimes deteriorates upon taking
                  | damage. [Xom's mischief]
 21396 | Lair:3   | Lost mutation: Your muscles are very strong. (Str +8,
                  | Int/Dex -2) [Xom's mischief]
 21903 | Lair:3   | XOM: destruction
 21913 | Lair:3   | Killed Minoc's ghost
 22108 | Lair:3   | Reached skill level 13 in Dodging
 22174 | Lair:3   | XOM: silly message
 22184 | Lair:3   | Reached skill level 7 in Unarmed Combat
 22564 | Lair:4   | XOM: give mutations
 22564 | Lair:4   | Gained mutation: You passively map the area around you.
                  | [Xom's grace]
 22564 | Lair:4   | Gained mutation: You have a somewhat thin skeletal
                  | structure. (Dex +2, Stealth+) [Xom's grace]
 22564 | Lair:4   | Gained mutation: You have a moderately thin skeletal
                  | structure. (Dex +4, Stealth++) [Xom's grace]
 22611 | Lair:4   | XOM: divination: detect creatures
 22779 | Lair:4   | XOM: 4-stop teleportation journey
 22792 | Lair:4   | XOM: give mutations
 22792 | Lair:4   | Gained mutation: Your mind is acute. (Int +4, Str/Dex -1)
                  | [Xom's grace]
 22792 | Lair:4   | Gained mutation: You are mostly covered in iridescent
                  | scales. (AC +4) [Xom's grace]
 22805 | Lair:4   | XOM: fog
 22806 | Lair:4   | Reached XP level 13. HP: 61/61 MP: 2/28
 22981 | Lair:4   | XOM: summons 3 hostile shadow creatures
 23357 | Lair:4   | XOM: cloud trail
 23499 | Lair:4   | XOM is BORED!
 23499 | Lair:4   | XOM: give mutation
 23499 | Lair:4   | Lost mutation: You passively map the area around you.
                  | [Xom's mischief]
 23531 | Lair:4   | XOM: summons 8 friendly demons
 23587 | Lair:4   | XOM: 4-stop teleportation journey
 23655 | Lair:4   | Identified the ring "Oneunocho" {Wiz rN++ Int+3 Dex-3 SInv}
                  | (Xom gifted it to you on level 4 of the Lair of Beasts)
 23655 | Lair:4   | XOM: god gift: ring "Oneunocho" {Wiz rN++ Int+3 Dex-3 SInv}
 23895 | Lair:4   | Reached skill level 8 in Unarmed Combat
 24163 | Lair:5   | Entered Level 5 of the Lair of Beasts
 24166 | Lair:5   | Reached skill level 14 in Dodging
 24758 | Lair:5   | Reached skill level 9 in Unarmed Combat
 24871 | Lair:5   | XOM: 2-stop teleportation journey
 25091 | Lair:5   | XOM: swap monsters
 25092 | Lair:5   | XOM: give mutation
 25092 | Lair:5   | Lost mutation: You sometimes lose the ability to read
                  | scrolls when taking damage. [Xom's mischief]
 25102 | Lair:5   | XOM: fake destruction
 25107 | Lair:5   | XOM: noise
 25111 | Lair:5   | XOM: give mutations
 25111 | Lair:5   | Lost mutation: Your system is resistant to poisons. (rPois)
                  | [Xom's mischief]
 25111 | Lair:5   | Lost mutation: You are very agile. (Dex +8, Str/Int -2)
                  | [Xom's mischief]
 25111 | Lair:5   | Lost mutation: You are mostly covered in iridescent scales.
                  | (AC +4) [Xom's mischief]
 25224 | Lair:4   | XOM: summons 4 hostile shadow creatures
 25248 | Lair:4   | XOM: polymorph elephant -> death drake
 25427 | Lair:5   | XOM: torment (32/61 hp)
 25528 | Lair:5   | XOM: enchant monster (bad)
 25669 | Lair:5   | Found a staircase to the Slime Pits.
 25678 | Lair:5   | Found a viscous altar of Jiyva.
 25747 | Lair:5   | XOM: 3-stop teleportation journey
 25753 | Lair:5   | XOM: scenery: summon butterflies
 25761 | Lair:5   | XOM: summons friendly shadow imp
 25766 | Lair:5   | XOM: polymorph butterfly -> kobold
 25797 | Lair:5   | XOM: polymorph elephant -> two-headed ogre
 25800 | Lair:5   | XOM: silly message
 25830 | Lair:5   | XOM: noise
 25833 | Lair:5   | XOM: repel stairs
 25843 | Lair:5   | XOM: polymorph two-headed ogre -> two-headed ogre
 25851 | Lair:4   | XOM: fog
 25861 | Lair:4   | XOM: polymorph elephant -> jumping spider
 26245 | Lair:5   | Reached skill level 10 in Unarmed Combat
 26406 | Lair:5   | Reached skill level 1 in Shapeshifting
 26551 | Lair:5   | XOM is BORED!
 26551 | Lair:5   | XOM: draining
 26716 | Lair:5   | XOM: fake destruction
 26717 | Lair:5   | XOM: cast spell 'Alistair's Intoxication'
 26722 | Lair:5   | Reached skill level 3 in Evocations
 26831 | Lair:5   | XOM: divination: detect creatures
 26840 | Lair:5   | Reached skill level 2 in Shapeshifting
 26976 | Lair:5   | XOM: noise
 27302 | Lair:5   | XOM: noise
 27365 | Lair:5   | XOM: potion effect (invisibility)
 27367 | Lair:5   | XOM: polymorph catoblepas -> glowing shapeshifter
 27370 | Lair:5   | Reached skill level 4 in Evocations
 27370 | Lair:5   | Reached skill level 3 in Shapeshifting
 27630 | Lair:5   | XOM: enchant monster (bad)
 27740 | Lair:5   | XOM: summons friendly crimson imp
 27745 | Lair:5   | XOM: 3-stop teleportation journey
 27940 | Lair:5   | XOM: 2-stop teleportation journey
 28229 | Lair:5   | XOM: summons 8 friendly demons
 28601 | Lair:2   | XOM: confuse monster(s)
 28711 | Lair:1   | Reached skill level 5 in Evocations
 28714 | Lair:1   | Reached skill level 4 in Shapeshifting
 29003 | Lair:2   | Found a staircase to the Swamp.
 29522 | D:11     | Reached skill level 11 in Fighting
 29873 | D:11     | Identified the +4 chain mail of Repulsion {*Slow rF+ rN+
                  | Will+}
 29874 | D:11     | Identified a scroll of acquirement
 29881 | D:11     | Acquired the ring of Ajieq {rF+ rC++ AC+4 Str-2 Int+4}
 30132 | D:11     | Reached XP level 14. HP: 66/67 MP: 9/29
 30306 | D:11     | XOM: divination: detect items
 30537 | D:12     | Identified the +1 robe of Xefivo {rC+ Str-3 Int+8}
 30680 | D:12     | Found Feurph's Armour Emporium.
 30684 | D:12     | XOM: potion effect (brilliance)
 30705 | D:12     | XOM: cast spell 'Alistair's Intoxication'
 30737 | D:12     | XOM: give mutations
 30737 | D:12     | Lost mutation: You are agile. (Dex +4, Str/Int -1) [Xom's
                  | mischief]
 30737 | D:12     | Lost mutation: You are partially covered in iridescent
                  | scales. (AC +2) [Xom's mischief]
 30828 | D:12     | Reached skill level 6 in Evocations
 30828 | D:12     | Reached skill level 5 in Shapeshifting
 30836 | D:12     | Found a staircase to the Orcish Mines.
 30838 | D:12     | Found Tunisinn's Weapon Emporium.
 31223 | D:12     | XOM is BORED!
 31339 | D:12     | XOM: divination: magic mapping
 31463 | D:12     | XOM: polymorph cyclops -> shapeshifter
 31568 | D:12     | XOM: god gift: glowing trident {god gift}
 31577 | Orc:1    | Entered Level 1 of the Orcish Mines
 31577 | Orc:1    | Found Unuovvey's Antique Armour Emporium.
 31586 | Orc:1    | Reached skill level 6 in Stealth
 31599 | Orc:1    | XOM: summons 2 friendly demons
 31905 | Orc:1    | Found Jaeqoysa's Assorted Antiques.
 31933 | Orc:1    | Noticed Fannar
 32056 | Orc:1    | XOM: cast spell 'Summon Horrible Things'
 32064 | Orc:1    | Killed Fannar
 32605 | Orc:1    | XOM: give mutations
 32605 | Orc:1    | Lost mutation: Your mind is acute. (Int +4, Str/Dex -1)
                  | [Xom's mischief]
 32605 | Orc:1    | Lost mutation: You passively map a small area around you.
                  | [Xom's mischief]
 32605 | Orc:1    | Lost mutation: You are vulnerable to heat. (rF-) [Xom's
                  | mischief]
 32817 | Orc:1    | XOM: 3-stop teleportation journey
 32876 | Orc:1    | XOM: stat loss: -1 Int (23/24)
 33032 | Orc:2    | Entered Level 2 of the Orcish Mines
 33476 | Orc:2    | Reached skill level 7 in Stealth
 33615 | Orc:2    | XOM: divination: magic mapping
 33643 | Orc:2    | XOM: 1-stop teleportation journey
 33781 | Orc:1    | XOM: summons 8 hostile demons
 33978 | Orc:2    | Reached skill level 6 in Shapeshifting
 34545 | Orc:2    | XOM: stat loss: -1 Int (23/24)
 34871 | Orc:1    | XOM: scenery: create altars
 35027 | Orc:2    | XOM: 2-stop teleportation journey
 35215 | Orc:2    | Found Paoru's Antique Weapon Shop.
 35215 | Orc:2    | Found Cudwopa's Distillery.
 35229 | Orc:2    | Bought a potion of cancellation for 128 gold pieces
 35229 | Orc:2    | Bought a potion of lignification for 48 gold pieces
 35229 | Orc:2    | Bought a potion of might for 64 gold pieces
 35352 | Orc:2    | XOM: divination: detect items
 35397 | Orc:2    | XOM: enchant monster (good)
 35403 | Orc:2    | XOM: cast spell 'Cause Fear'
 35526 | Orc:2    | Reached skill level 8 in Stealth
 35997 | Orc:2    | Reached skill level 12 in Fighting
 36139 | Orc:2    | XOM: scenery: summon butterflies
 36193 | Orc:2    | Found a staircase to the Elven Halls.
 36468 | Orc:2    | XOM: god gift: glowing short sword {god gift}
 36545 | Orc:2    | Found Afegej's Antique Armour Shop.
 36545 | Orc:2    | Found Vegedet's Antique Armour Shoppe.
 36627 | Orc:2    | XOM: silly message
 36676 | Orc:1    | Bought a phial of floods for 880 gold pieces
 36676 | Orc:1    | Bought a tin of tremorstones (2/2) for 880 gold pieces
 36720 | Orc:1    | Found Lokaemiwn's Weapon Emporium.
 36938 | Orc:1    | Found Ammek's Assorted Antiques.
 36942 | Orc:1    | Bought a brightly glowing pewter amulet for 165 gold pieces
 36942 | Orc:1    | Identified the amulet "Moar" {Faith Rampage +Blink Int-5}
                  | (You bought it in a shop on level 1 of the Orcish Mines)
 36942 | Orc:1    | Bought a fuming emerald potion for 29 gold pieces
 36943 | Orc:1    | Bought a notched jade ring for 165 gold pieces
 37070 | D:12     | Learned a level 3 spell: Confusing Touch
 37301 | D:13     | Reached skill level 7 in Shapeshifting
 37303 | D:13     | Noticed Sonja
 37304 | D:13     | Killed Sonja
 37305 | D:13     | Reached skill level 9 in Stealth
 37381 | D:13     | Noticed Nessos
 37381 | D:13     | Noticed Rupert
 37381 | D:13     | XOM: 4-stop teleportation journey
 37531 | D:13     | XOM: scenery: summon butterflies
 37598 | D:13     | Killed Rupert
 37606 | D:13     | Killed Nessos
 37699 | D:13     | XOM: god gift: 3 boomerangs
 37881 | D:13     | XOM: scenery: create altars
 37882 | D:13     | XOM: chaos upgrade
 37889 | D:13     | XOM: summons 2 friendly demons
 37961 | D:12     | XOM: summons 1 hostile demon
 38103 | D:13     | XOM: god gift: spear {god gift}
 38209 | D:12     | XOM: god gift: scroll of poison
 38400 | D:13     | You fall into a shaft and drop 2 floors!
 38400 | D:15     | Entered Level 15 of the Dungeon
 38620 | D:15     | Found Esecimpe's Distillery.
 38628 | D:15     | Bought a potion of curing for 42 gold pieces
 38628 | D:15     | Bought a potion of curing for 42 gold pieces
 38736 | D:14     | Noticed Snorg
 38787 | D:15     | XOM: summons 3 friendly demons
 38982 | D:15     | Reached skill level 10 in Stealth
 39175 | D:15     | Found a staircase to the Depths.
 39175 | D:15     | XOM: 1-stop teleportation journey
 39194 | D:15     | XOM: blink monster(s)
 39198 | D:15     | XOM: noise
 39257 | D:15     | Reached skill level 8 in Shapeshifting
 39660 | D:15     | XOM: cleaving
 39661 | D:15     | XOM: potion effect (attraction)
 40055 | D:15     | Reached skill level 13 in Fighting
 40189 | D:15     | Reached XP level 15. HP: 73/73 MP: 6/30
 40210 | D:15     | XOM: smoke on damage
 40221 | D:15     | XOM: confuse monster(s)
 40443 | D:15     | XOM: noise
 40447 | D:15     | XOM: enchant monster (good)
 40459 | D:15     | XOM: scenery: 3 doors close
 40472 | D:15     | XOM: confuse monster(s)
 40699 | D:15     | XOM: scenery: 1 doors open, 1 doors close
 40857 | D:14     | Noticed Agnes
 40889 | D:13     | Reached skill level 9 in Shapeshifting
 40904 | D:13     | XOM: summons 7 friendly demons
 41070 | D:13     | Found a gate to the Vaults.
 41448 | D:14     | XOM: destruction
 41454 | D:14     | Identified the amulet of Itreokk {Reflect Str-2 Dex+3 SH+5}
                  | (Xom gifted it to you on level 14 of the Dungeon)
 41454 | D:14     | XOM: god gift: amulet of Itreokk {Reflect Str-2 Dex+3 SH+5}
 41469 | D:14     | Reached skill level 1 in Hexes
 41472 | D:14     | XOM: enchant monster (good)
 41473 | D:14     | XOM: fog
 41724 | D:14     | Learned a level 5 spell: Irradiate
 41766 | D:14     | XOM: scenery: 1 doors open
 41813 | D:14     | Reached skill level 2 in Hexes
 41945 | D:14     | Found an opulent altar of Gozag.
 42156 | D:14     | XOM: god gift: 39 gold pieces
 42284 | D:14     | XOM: smoke on damage
 42360 | D:14     | XOM: give mutations
 42360 | D:14     | Gained mutation: You have an increased reservoir of magic.
                  | (+10% MP) [Xom's grace]
 42360 | D:14     | Gained mutation: Your flesh is cold resistant. (rC+) [Xom's
                  | grace]
 42360 | D:14     | Gained mutation: Your muscles are very strong. (Str +8,
                  | Int/Dex -2) [Xom's grace]
 42579 | D:14     | Killed Snorg
 42726 | D:15     | Reached skill level 3 in Hexes
 42899 | D:15     | XOM: swap monsters
 43040 | D:15     | XOM: cloud trail
 43186 | D:15     | XOM: polymorph purple ugly thing -> brown ugly thing
 43189 | D:15     | XOM: enchant monster (good)
 43191 | D:15     | XOM: polymorph brown ugly thing -> red ugly thing
 43193 | D:15     | XOM: god gift: potion of cancellation
 43194 | D:15     | XOM: scenery: 1 doors close
 43366 | D:15     | XOM: god gift: 25 gold pieces
 43438 | D:15     | Noticed Kirke
 43439 | D:15     | XOM: scenery: 1 doors close
 43449 | D:15     | Killed Kirke
 43450 | D:15     | Reached skill level 4 in Hexes
 43474 | D:15     | XOM: give mutations
 43474 | D:15     | Gained mutation: You are partially covered in iridescent
                  | scales. (AC +2) [Xom's mischief]
 43474 | D:15     | Lost mutation: Your muscles are very strong. (Str +8,
                  | Int/Dex -2) [Xom's mischief]
 43828 | Snake:1  | Entered Level 1 of the Snake Pit
 43936 | Swamp:1  | Entered Level 1 of the Swamp
 43940 | Swamp:1  | XOM: silly message
 44152 | Swamp:1  | XOM: cast spell 'Summon Cactus Giant'
 44153 | Swamp:1  | XOM: silly message
 44171 | Swamp:1  | Reached skill level 5 in Hexes
 44514 | Swamp:1  | You fall into a shaft and drop 1 floor!
 44517 | Swamp:2  | Reached skill level 10 in Shapeshifting
 44546 | Swamp:1  | XOM: 1-stop teleportation journey
 44548 | Swamp:1  | Reached skill level 14 in Fighting
 44550 | Swamp:1  | Reached skill level 6 in Hexes
 44848 | Swamp:1  | Reached skill level 11 in Unarmed Combat
 44877 | Swamp:1  | XOM: smoke on damage
 44905 | Swamp:1  | XOM: summons 6 hostile demons
 44976 | Lair:2   | XOM: give mutation
 44976 | Lair:2   | Lost mutation: Your flesh is cold resistant. (rC+) [Xom's
                  | mischief]
 45194 | Swamp:1  | XOM: god gift: 33 gold pieces
 45230 | Swamp:1  | XOM: give mutation
 45230 | Swamp:1  | Lost mutation: You have an increased reservoir of magic.
                  | (+10% MP) [Xom's mischief]
 45246 | Swamp:1  | XOM: noise
 45481 | Swamp:1  | XOM: summons 7 friendly demons
 45491 | Swamp:1  | Reached skill level 7 in Hexes
 45533 | Swamp:1  | XOM: scenery: create altars
 45561 | Swamp:1  | XOM: enchant monster (bad)
 45577 | Swamp:1  | XOM: summons 8 hostile demons
 45731 | Swamp:1  | XOM: god gift: wand of mindburst (5)
 46414 | Swamp:2  | Reached skill level 8 in Hexes
 46681 | Swamp:2  | XOM: god gift: 6 boomerangs
 46701 | Swamp:2  | XOM: summons 4 hostile shadow creatures
 47378 | Swamp:2  | XOM: divination: magic mapping
 47390 | Swamp:2  | Reached skill level 9 in Hexes
 47439 | Swamp:2  | Reached XP level 16. HP: 79/79 MP: 10/31
 47589 | Swamp:2  | XOM: cloud trail
 47730 | Swamp:2  | XOM: scenery: summon butterflies
 47860 | Swamp:2  | XOM: 4-stop teleportation journey
 47921 | Swamp:2  | XOM: give mutation
 47921 | Swamp:2  | Gained mutation: You are somewhat resistant to further
                  | mutation. [Xom's grace]
 47960 | Swamp:2  | XOM: god gift: runed arbalest {god gift}
 48051 | Swamp:3  | Noticed Nikola
 48058 | Swamp:3  | Killed Nikola
 48063 | Swamp:3  | Reached skill level 12 in Unarmed Combat
 48376 | Swamp:3  | XOM: confuse monster(s)
 48509 | Swamp:3  | Reached skill level 10 in Hexes
 48711 | Swamp:3  | Noticed Mlioglotl
 49162 | Swamp:2  | XOM: scenery: summon butterflies
 49370 | Swamp:2  | XOM: potion effect (might)
 49374 | Swamp:2  | Killed Mlioglotl
 49499 | Swamp:3  | XOM: silly message
 49658 | Swamp:2  | XOM: divination: detect creatures
 49823 | Swamp:3  | XOM is BORED!
 49823 | Swamp:3  | XOM: give mutations
 49823 | Swamp:3  | Lost mutation: You expend magic power (3 MP) to strengthen
                  | your wands. [Xom's mischief]
 49823 | Swamp:3  | Gained mutation: Your magical capacity is low. (-10% MP)
                  | [Xom's mischief]
 49823 | Swamp:3  | Lost mutation: You are somewhat resistant to further
                  | mutation. [Xom's mischief]
 49823 | Swamp:3  | Gained mutation: You are resistant to electric shocks.
                  | (rElec) [Xom's mischief]
 49933 | Swamp:3  | Reached skill level 11 in Hexes
 50023 | Swamp:3  | XOM: 5-stop teleportation journey
 50120 | Swamp:3  | XOM: scenery: create altars
 50311 | Swamp:3  | XOM: polymorph tyrant leech -> broodmother
 50458 | Swamp:3  | XOM: scenery: summon butterflies
 50613 | Swamp:3  | XOM: scenery: summon butterflies
 50682 | Swamp:4  | Entered Level 4 of the Swamp
 50737 | Swamp:3  | XOM: cloud trail
 50790 | Swamp:4  | XOM: cast spell 'Disjunction'
 50793 | Swamp:4  | XOM: summons friendly iron imp
 51001 | Swamp:4  | XOM: destruction
 51013 | Swamp:3  | XOM: god gift: staff of poison
 51091 | Swamp:4  | XOM: enchant monster (good)
 51093 | Swamp:4  | XOM: repel stairs
 51111 | Swamp:4  | Reached skill level 13 in Unarmed Combat
 51111 | Swamp:4  | Reached skill level 12 in Hexes
 51140 | Swamp:3  | XOM: silly message
 51591 | Swamp:3  | XOM: god gift: shiny ring mail {god gift}
 51817 | Swamp:4  | XOM: torment (41/79 hp)
 52017 | Swamp:4  | XOM: summons 1 hostile shadow creature
 52117 | Swamp:3  | XOM: summons 9 hostile demons
 52506 | Swamp:4  | Noticed a thorn hunter
 52508 | Swamp:4  | Reached skill level 13 in Hexes
 52630 | Swamp:4  | Killed a thorn hunter
 53004 | Swamp:4  | XOM: fog
 53027 | Swamp:4  | XOM: cast spell 'Chain of Chaos'
 53337 | Swamp:3  | XOM: cloud trail
 53483 | Swamp:4  | XOM: god gift: staff of air
 53508 | Swamp:4  | Noticed a thorn hunter
 53527 | Swamp:4  | XOM: summons 5 friendly demons
 53530 | Swamp:4  | XOM: fake destruction
 53538 | Swamp:4  | Killed a thorn hunter
 53742 | Swamp:4  | XOM: give mutations
 53742 | Swamp:4  | Gained mutation: You are robust. (+10% HP) [Xom's grace]
 53742 | Swamp:4  | Gained mutation: Your spells are a little harder to cast,
                  | but a little more powerful. [Xom's grace]
 53815 | Swamp:4  | Reached skill level 14 in Hexes
 53925 | Swamp:4  | XOM: give mutations
 53925 | Swamp:4  | Gained mutation: Your flesh is cold resistant. (rC+) [Xom's
                  | grace]
 53925 | Swamp:4  | Gained mutation: Your muscles are very strong. (Str +8,
                  | Int/Dex -2) [Xom's grace]
 53925 | Swamp:4  | Gained mutation: You are agile. (Dex +4, Str/Int -1) [Xom's
                  | grace]
 53925 | Swamp:4  | Gained mutation: Your system is resistant to poisons.
                  | (rPois) [Xom's grace]
 54069 | Swamp:4  | Reached skill level 14 in Unarmed Combat
 54186 | Swamp:4  | Reached skill level 1 in Transmutations
 54223 | Swamp:4  | Got a decaying rune of Zot
 54287 | Swamp:4  | XOM: give mutations
 54287 | Swamp:4  | Gained mutation: You have hidden genetic potential. [Xom's
                  | grace]
 54287 | Swamp:4  | Gained mutation: You are mostly covered in iridescent
                  | scales. (AC +4) [Xom's grace]
 54287 | Swamp:4  | Gained mutation: You are strong-willed. (Will+) [Xom's
                  | grace]
 54287 | Swamp:4  | Gained mutation: You are very agile. (Dex +8, Str/Int -2)
                  | [Xom's grace]
 54293 | Swamp:4  | XOM: scenery: summon butterflies
 54351 | Swamp:4  | XOM: divination: magic mapping
 54540 | Lair:2   | XOM: give mutations
 54540 | Lair:2   | Gained mutation: You are highly strong-willed. (Will++)
                  | [Xom's grace]
 54540 | Lair:2   | Lost mutation: Your magical capacity is low. (-10% MP)
                  | [Xom's grace]
 54540 | Lair:2   | Gained mutation: Your mind is acute. (Int +4, Str/Dex -1)
                  | [Xom's grace]
 54559 | Lair:2   | Reached skill level 2 in Transmutations
 54655 | Snake:1  | Reached skill level 3 in Conjurations
 54696 | Lair:2   | XOM: give mutations
 54696 | Lair:2   | Gained mutation: You are completely covered in iridescent
                  | scales. (AC +6) [Xom's grace]
 54696 | Lair:2   | Gained mutation: Your mind is very acute. (Int +8, Str/Dex
                  | -2) [Xom's grace]
 54696 | Lair:2   | Gained mutation: You have a pair of small horns on your
                  | head. [Xom's grace]
 54696 | Lair:2   | Gained mutation: Your natural rate of healing is unusually
                  | fast. [Xom's grace]
 54744 | Lair:2   | XOM: god gift: leather armour {god gift}
 54815 | Snake:1  | Reached skill level 3 in Transmutations
 55416 | Snake:1  | XOM: cleaving
 55577 | Snake:1  | XOM: cast spell 'Summon Ice Beast'
 55582 | Snake:1  | Reached XP level 17. HP: 91/91 MP: 20/32
 55731 | Snake:1  | XOM: polymorph naga mage -> guardian serpent
 55874 | Snake:1  | Reached skill level 4 in Conjurations
 55874 | Snake:1  | Reached skill level 4 in Transmutations
 56130 | Snake:1  | XOM: summons 4 friendly demons
 56147 | Snake:1  | Reached skill level 5 in Transmutations
 56284 | Snake:1  | Reached skill level 5 in Conjurations
 56847 | Snake:1  | XOM: give mutation
 56847 | Snake:1  | Lost mutation: You are completely covered in iridescent
                  | scales. (AC +6) [Xom's mischief]
 56918 | Snake:1  | XOM: give mutations
 56918 | Snake:1  | Gained mutation: Your flesh is heat resistant. (rF+) [Xom's
                  | grace]
 56918 | Snake:1  | Gained mutation: You have an increased reservoir of magic.
                  | (+10% MP) [Xom's grace]
 56918 | Snake:1  | Gained mutation: You expend magic power (3 MP) to
                  | strengthen your wands. [Xom's grace]
 57145 | Snake:1  | XOM: stat loss: -1 Int (22/23)
 57475 | Snake:2  | Found a runed translucent door.
 57475 | Snake:2  | Noticed Iheguu's ghost (adept DsEE)
 57616 | Snake:2  | XOM: give mutations
 57616 | Snake:2  | Gained mutation: You heal very quickly. [Xom's grace]
 57616 | Snake:2  | Gained mutation: You are completely covered in iridescent
                  | scales. (AC +6) [Xom's grace]
 57826 | Snake:2  | Reached skill level 6 in Transmutations
 58008 | Snake:2  | XOM: swap monsters
 58089 | Snake:2  | XOM: cast spell 'Summon Hydra'
 58110 | Snake:2  | XOM: 7-stop teleportation journey
 58322 | Snake:2  | XOM: silly message
 58579 | Snake:2  | Reached skill level 6 in Conjurations
 58991 | Snake:2  | Killed Iheguu's ghost
 59127 | Snake:2  | Acquired 891 gold pieces
 59181 | Snake:3  | XOM: cleaving
 59187 | Snake:3  | XOM: summons 9 hostile demons
 59213 | Snake:3  | XOM: summons 1 hostile shadow creature
 59214 | Snake:3  | Reached skill level 7 in Transmutations
 59571 | Snake:3  | Found Henuz's Antique Weapon Shoppe.
 59586 | Snake:3  | Found Qomuc's Book Shoppe.
 59586 | Snake:3  | Found Fyshridath's Antique Weapon Emporium.
 59591 | Snake:3  | Found Jito's Antique Armour Emporium.
 59753 | Snake:3  | Reached skill level 7 in Conjurations
 59857 | Snake:3  | XOM: summons 9 hostile demons
 59937 | Snake:3  | XOM: give mutation
 59937 | Snake:3  | Lost mutation: Your flesh is heat resistant. (rF+) [Xom's
                  | mischief]
 60025 | Snake:3  | Reached skill level 8 in Transmutations
 60292 | Snake:3  | XOM: scenery: create altars
 60444 | Snake:3  | XOM: torment (46/91 hp)
 60684 | Snake:4  | Entered Level 4 of the Snake Pit
 60684 | Snake:4  | Found a glowing golden altar of the Shining One.
 60795 | Snake:4  | Noticed Vashnia
 60796 | Snake:4  | XOM: summons 4 friendly demons
 60801 | Snake:4  | Reached skill level 9 in Transmutations
 60803 | Snake:4  | Reached skill level 8 in Conjurations
 60805 | Snake:4  | Gained mutation: Your flesh is heat resistant. (rF+)
                  | [hidden potential]
 60957 | Snake:4  | Vashnia changed into Vashnia the sphinx
 60957 | Snake:4  | Noticed Vashnia
 61061 | Snake:4  | XOM: confuse monster(s)
 61064 | Snake:3  | XOM: god gift: faintly glowing whip {god gift}
 61064 | Snake:3  | Identified the +1 whip "Baxtigreysm" {chaos, Int+5} (Xom
                  | gifted it to you on level 3 of the Snake Pit)
 61103 | Snake:4  | XOM: polymorph salamander mystic -> yak
 61281 | Snake:4  | Identified the +6 short sword of Mourning {heavy, +Blink
                  | rF+ Will+}
 61302 | Snake:4  | Killed Vashnia the sphinx
 61352 | Snake:4  | XOM: enchant monster (bad)
 61485 | Snake:4  | XOM: smoke on damage
 61649 | Snake:4  | Noticed Mara
 61649 | Snake:4  | XOM: 1-stop teleportation journey
 61651 | Snake:4  | Killed Mara
 61652 | Snake:4  | Reached skill level 10 in Transmutations
 61785 | Snake:4  | XOM: draining
 61896 | Snake:4  | XOM: blink monster(s)
 61902 | Snake:3  | Learned a level 2 spell: Wereblood
 61992 | Snake:4  | XOM: polymorph naga -> black bear
 62006 | Snake:4  | Reached skill level 9 in Conjurations
 62006 | Snake:4  | Reached XP level 18. HP: 68/85 MP: 2/36
 62330 | Snake:3  | XOM: noise
 62536 | Snake:4  | XOM: cast spell 'Summon Horrible Things'
 62562 | Snake:4  | Reached skill level 11 in Transmutations
 62565 | Snake:4  | XOM: smoke on damage
 62569 | Snake:4  | XOM: noise
 63040 | Snake:4  | Reached skill level 10 in Conjurations
 63320 | Snake:4  | Reached skill level 12 in Transmutations
 63525 | Snake:4  | XOM: 1-stop teleportation journey
 63534 | Snake:4  | XOM: 2-stop teleportation journey
 63562 | Snake:4  | XOM: blink monster(s)
 63716 | Snake:4  | Found Byats's Book Shoppe.
 63716 | Snake:4  | Found Sifeplerr's Jewellery Shop.
 63717 | Snake:4  | Found Faeph's Book Shoppe.
 63729 | Snake:4  | Bought a book of Lightning for 468 gold pieces
 63734 | Snake:4  | Learned a level 4 spell: Vhi's Electric Charge
 63965 | Snake:4  | Reached skill level 3 in Translocations
 64119 | Snake:4  | Got a serpentine rune of Zot
 64352 | D:10     | XOM: noise
 64416 | Vaults:2 | Identified the of Oxousk
 64416 | Crypt:3  | Identified the "Gahuf"
 64416 | WizLab   | Identified the "Busmuog"
 64416 | WizLab   | Identified the "Naiw"
 64416 | Elf:1    | Identified the "Meeger"
 64416 | Elf:1    | Entered Level 1 of the Elven Halls
 64433 | Elf:1    | Reached skill level 13 in Transmutations
 64450 | Elf:1    | Reached skill level 4 in Translocations
 64458 | Elf:1    | XOM: polymorph deep elf zephyrmancer -> merfolk
 64472 | Elf:1    | XOM: summons 9 friendly demons
 64671 | Elf:1    | Reached skill level 5 in Translocations
 64817 | Elf:1    | Found a gateway to a bazaar.
 65091 | Elf:1    | XOM: chaos upgrade
 65097 | Elf:1    | Reached skill level 6 in Translocations
 65097 | Elf:1    | XOM: summons 3 hostile demons
 65108 | Elf:1    | Gained mutation: You have a pair of horns on your head.
                  | [hidden potential]
 65108 | Elf:1    | Lost mutation: You have hidden genetic potential. [hidden
                  | potential expressed]
 65110 | Elf:1    | XOM: enchant monster (bad)
 65275 | Elf:1    | XOM: noise
 65437 | Elf:1    | XOM: give mutations
 65437 | Elf:1    | Lost mutation: Your flesh is cold resistant. (rC+) [Xom's
                  | mischief]
 65437 | Elf:1    | Lost mutation: Your muscles are very strong. (Str +8,
                  | Int/Dex -2) [Xom's mischief]
 65437 | Elf:1    | Lost mutation: You are robust. (+10% HP) [Xom's mischief]
 65437 | Elf:1    | Lost mutation: Your spells are a little harder to cast, but
                  | a little more powerful. [Xom's mischief]
 65538 | Bazaar   | Entered a bazaar
 65538 | Bazaar   | Found Zediosy's Antique Armour Shoppe.
 65538 | Bazaar   | Found Igestruon's Magic Scroll Emporium.
 65538 | Bazaar   | Found Gueczamu's Weapon Shoppe.
 65564 | Bazaar   | Bought a scroll of fear for 36 gold pieces
 65564 | Bazaar   | Bought a scroll of butterflies for 36 gold pieces
 65564 | Bazaar   | Bought a scroll of fear for 36 gold pieces
 65697 | Elf:2    | Reached skill level 7 in Translocations
 65754 | Elf:2    | XOM: summons 3 hostile shadow creatures
 65782 | Elf:2    | Reached skill level 14 in Transmutations
 65784 | Elf:2    | Reached skill level 8 in Translocations
 65965 | Elf:2    | Found Xawiaf's General Store.
 65971 | Elf:2    | Bought a scroll of fear for 68 gold pieces
 66055 | Elf:2    | XOM: draining
 66062 | Elf:2    | XOM: summons 5 hostile demons
 66209 | Elf:2    | XOM: blink monster(s)
 66374 | Elf:2    | Found a runed translucent gate.
 66375 | Elf:2    | Found a runed translucent gate.
 66375 | Elf:2    | Found a runed translucent gate.
 66390 | Elf:2    | XOM: polymorph deep elf knight -> anaconda
 66402 | Elf:2    | XOM: enchant monster (bad)
 66416 | Elf:2    | Reached skill level 9 in Translocations
 66470 | Elf:1    | XOM: give mutation
 66470 | Elf:1    | Gained mutation: Your spells are a little harder to cast,
                  | but a little more powerful. [Xom's grace]
 66763 | Elf:2    | Reached XP level 19. HP: 74/84 MP: 17/37
 67270 | Elf:2    | Reached skill level 10 in Translocations
 67308 | Elf:2    | XOM: god gift: smoking longbow {god gift}
 67308 | Elf:2    | Identified the +6 longbow of Fortitude {chaos, rC- rN+
                  | Dex+5} (Xom gifted it to you on level 2 of the Elven Halls)
 67383 | Elf:2    | XOM: god gift: wand of charming (5)
 67629 | Elf:2    | XOM: cloud trail
 67857 | Elf:2    | XOM: god gift: wand of charming (6)
 67926 | Elf:3    | Identified the of Ceetodef
 67926 | Elf:3    | Identified the "Zevulis"
 67926 | Elf:3    | Entered Level 3 of the Elven Halls
 68235 | Elf:3    | XOM: give mutations
 68235 | Elf:3    | Lost strength.
 68235 | Elf:3    | Lost mutation: Your muscles are strong. (Str +4, Int/Dex
                  | -1) [Xom's mischief]
 68235 | Elf:3    | Lost mutation: You possess an exceptional clarity of mind.
                  | [Xom's mischief]
 68235 | Elf:3    | Lost mutation: Your spells are a little harder to cast, but
                  | a little more powerful. [Xom's mischief]
 68282 | Elf:2    | Bought an amulet of regeneration for 510 gold pieces
 68554 | Elf:3    | Found Wuaduesi's Antique Weapon Shoppe.
 68651 | Elf:3    | Paralysed by an air elemental for 1 turns
 68652 | Elf:3    | XOM: silly message
 68754 | Elf:3    | XOM: give mutations
 68754 | Elf:3    | Lost mutation: You occasionally lose the ability to read
                  | scrolls when taking damage. [Xom's mischief]
 68754 | Elf:3    | Lost mutation: You are highly strong-willed. (Will++)
                  | [Xom's mischief]
 68996 | Elf:3    | XOM: 2-stop teleportation journey
 69011 | Elf:3    | XOM: enchant monster (good)
 69013 | Elf:3    | XOM: cast spell 'Alistair's Intoxication'
 69278 | Elf:3    | XOM: god gift: chain mail {god gift}
 69405 | Elf:3    | XOM: summons friendly crimson imp
 69630 | Elf:3    | XOM: 1-stop teleportation journey
 69763 | Elf:3    | Identified the amulet "Duawnaucs" {rPois rF+ rC+ Regen+}
 69780 | Elf:3    | Identified the +2 falchion of Olellu {heavy, rElec rF-
                  | Int+3}
 69800 | Elf:3    | XOM: god gift: +5 orcbow of chaos
 69931 | Elf:3    | Reached skill level 11 in Stealth
 69999 | Elf:3    | XOM is BORED!
 70064 | Elf:3    | XOM: stat loss: -1 Dex (31/32)
 70080 | Elf:3    | Reached skill level 7 in Evocations
 70269 | Elf:3    | Identified the +4 ring mail of the Old and Reckless {Dex+2}
 70606 | Elf:3    | XOM: fog
 70705 | Elf:3    | Identified the +10 dagger of Dugazewn {heavy, *Corrode Fly
                  | Str-2 Dex+6}
 70718 | Elf:3    | Noticed a Tzitzimitl
 70815 | Elf:3    | XOM: summons 2 hostile shadow creatures
 70979 | Elf:3    | Found the +3 giant club "Skullcrusher" {speed, Str+7}
 71053 | Elf:3    | Identified the staff of Xidig Ahaylu {rPois rN+ Will+
                  | Poison}
 71125 | Elf:3    | Acquired 1126 gold pieces
 71143 | Elf:3    | Learned a level 5 spell: Arcjolt
 71149 | Elf:3    | Learned a level 5 spell: Silence
 71154 | Elf:3    | Learned a level 4 spell: Cause Fear
 71383 | Vaults:1 | Entered Level 1 of the Vaults
 71391 | D:13     | XOM: stat loss: -1 Dex (31/32)
 71512 | Vaults:1 | XOM: blink monster(s)
 71523 | Vaults:1 | XOM: enchant monster (good)
 71615 | Vaults:1 | XOM: summons 4 hostile shadow creatures
 71734 | Vaults:1 | XOM: chaos cloud
 71743 | Vaults:1 | XOM: swap monsters
 71768 | Vaults:1 | XOM: blink monster(s)
 71828 | Vaults:1 | Reached skill level 11 in Shapeshifting
 71997 | Vaults:1 | Reached skill level 12 in Stealth
 71997 | Vaults:1 | Reached skill level 8 in Evocations
 72068 | Vaults:1 | XOM: enchant monster (bad)
 72286 | Vaults:1 | XOM: cloud trail
 72305 | Vaults:1 | Reached XP level 20. HP: 96/96 MP: 33/38
 72331 | Vaults:1 | XOM: noise
 72490 | Vaults:1 | XOM: cast spell 'Alistair's Intoxication'
 72519 | Vaults:1 | XOM: noise
 72547 | Vaults:1 | XOM: enchant monster (good)
 72823 | Vaults:1 | Reached skill level 13 in Stealth
 73131 | Vaults:1 | Found the +27 heavy crossbow "Sniper" {heavy, Acc+∞ SInv}
 73210 | Vaults:2 | You fall into a shaft and drop 1 floor!
 73276 | Vaults:3 | Reached skill level 12 in Shapeshifting
 73292 | Vaults:3 | Found Couc's Armour Boutique.
 73351 | Vaults:3 | XOM: god gift: longbow {god gift}
 73404 | Vaults:3 | XOM: butterfly on damage
 73579 | Vaults:2 | XOM: confusion (+ monsters)
 73586 | Vaults:2 | XOM: chaos upgrade
 73591 | Vaults:2 | XOM: confuse monster(s)
 73593 | Vaults:2 | Reached skill level 13 in Shapeshifting
 73871 | Vaults:2 | XOM: 2-stop teleportation journey
 73908 | Vaults:2 | XOM: cast spell 'Call Canine Familiar'
 73916 | Vaults:2 | XOM: noise
 74066 | Vaults:2 | Reached skill level 14 in Shapeshifting
 74441 | Vaults:2 | Found a runed translucent door.
 74685 | Vaults:2 | XOM: 2-stop teleportation journey
 74839 | Vaults:2 | XOM: potion effect (might)
 75027 | Vaults:2 | XOM: give mutations
 75027 | Vaults:2 | Lost mutation: You are completely covered in iridescent
                  | scales. (AC +6) [Xom's mischief]
 75027 | Vaults:2 | Lost mutation: You are strong-willed. (Will+) [Xom's
                  | mischief]
 75027 | Vaults:2 | Lost mutation: Your flesh is heat resistant. (rF+) [Xom's
                  | mischief]
 75027 | Vaults:2 | Lost mutation: You have a moderately thin skeletal
                  | structure. (Dex +4, Stealth++) [Xom's mischief]
 75115 | Vaults:2 | XOM: noise
 75317 | Vaults:3 | Reached skill level 9 in Evocations
 75320 | Vaults:3 | Learned a level 2 spell: Lesser Beckoning
 75425 | Vaults:3 | Found an ancient bone altar of Kikubaaqudgha.
 75425 | Vaults:3 | Noticed Norris
 75427 | Vaults:3 | Killed Norris
 75464 | Vaults:3 | XOM: swap monsters
 75473 | Vaults:3 | XOM: summons 1 hostile demon
 75537 | Vaults:3 | XOM: 2-stop teleportation journey
 75701 | Vaults:3 | XOM: silly message
 75829 | Vaults:3 | XOM: summons 3 hostile shadow creatures
 75854 | Vaults:3 | Reached XP level 21. HP: 100/100 MP: 37/39
 76148 | Vaults:4 | XOM is BORED!
 76148 | Vaults:4 | XOM: give mutations
 76148 | Vaults:4 | Lost mutation: You expend magic power (3 MP) to strengthen
                  | your wands. [Xom's mischief]
 76148 | Vaults:4 | Lost mutation: Your system is resistant to poisons. (rPois)
                  | [Xom's mischief]
 76148 | Vaults:4 | Lost mutation: You have a pair of horns on your head.
                  | [Xom's mischief]
 76148 | Vaults:4 | Lost mutation: You have an increased reservoir of magic.
                  | (+10% MP) [Xom's mischief]
 76202 | Vaults:4 | Reached skill level 11 in Translocations
 76337 | Vaults:4 | XOM: chaos cloud
 76353 | Vaults:4 | XOM: polymorph dire elephant -> azure jelly
 76368 | Vaults:4 | Reached skill level 14 in Stealth
 76401 | Vaults:4 | Paralysed by a Zot trap for 5 turns
 76424 | Vaults:4 | Reached skill level 10 in Evocations
 76767 | Vaults:4 | XOM: 9-stop teleportation journey
 76970 | Vaults:4 | XOM: torment (90/115 hp)
 77392 | Depths:1 | Entered Level 1 of the Depths
 77392 | Depths:1 | Found a gateway to Hell.
 77499 | Depths:1 | XOM: blink monster(s)
 77512 | D:15     | Reached skill level 12 in Translocations
 77580 | Depths:1 | Reached skill level 11 in Spellcasting
 77588 | D:15     | Reached skill level 11 in Conjurations
 77682 | Depths:1 | Found a one-way gateway to a ziggurat.
 77685 | Depths:1 | XOM: swap monsters
 77700 | Depths:1 | XOM: summons 4 hostile shadow creatures
 77777 | Depths:1 | Noticed Saint Roka
 77789 | Depths:1 | Killed Saint Roka
 77790 | Depths:1 | XOM: silly message
 78085 | Depths:1 | XOM: swap monsters
 78135 | Depths:1 | Learned a level 2 spell: Passwall
 78144 | Depths:1 | Learned a level 7 spell: Enfeeble
 78325 | Depths:1 | XOM: polymorph green very ugly thing -> purple very ugly
                  | thing
 78336 | Depths:1 | Reached skill level 11 in Evocations
 78336 | Depths:1 | XOM: cleaving
 78338 | Depths:1 | XOM: cast spell 'Summon Horrible Things'
 78492 | Depths:1 | XOM: silly message
 78591 | Depths:2 | XOM: destruction
 78595 | Depths:2 | Reached skill level 13 in Translocations
 78599 | Depths:2 | XOM: 1-stop teleportation journey
 78614 | Depths:2 | Noticed a golden dragon
 78749 | Depths:2 | XOM: 2-stop teleportation journey
 78785 | Depths:2 | Reached XP level 22. HP: 104/104 MP: 21/38
 78853 | Depths:2 | XOM: chaos cloud
 78860 | Depths:2 | XOM: noise
 78861 | Depths:2 | a golden dragon changed into a sphinx
 78932 | Depths:2 | XOM: scenery: create altars
 78938 | Depths:2 | XOM: cast spell 'Disjunction'
 78946 | Depths:2 | XOM: summons 5 hostile demons
 78953 | Depths:2 | XOM: 4-stop teleportation journey
 78961 | Depths:2 | Reached skill level 14 in Translocations
 79034 | Depths:2 | XOM: chaos upgrade
 79039 | Depths:2 | XOM: blink monster(s)
 79171 | Depths:2 | XOM: summons 2 hostile demons
 79185 | Depths:2 | Reached skill level 12 in Spellcasting
 79193 | Depths:2 | Reached skill level 12 in Evocations
 79293 | Depths:2 | XOM: give mutations
 79293 | Depths:2 | Lost mutation: You heal very quickly. [Xom's mischief]
 79293 | Depths:2 | Lost mutation: You have a somewhat thin skeletal structure.
                  | (Dex +2, Stealth+) [Xom's mischief]
 79293 | Depths:2 | Lost mutation: You are mostly covered in iridescent scales.
                  | (AC +4) [Xom's mischief]
 79326 | Depths:2 | Reached skill level 12 in Conjurations
 79644 | Depths:2 | Found a one-way gate leading to the halls of Pandemonium.
 79710 | Depths:2 | XOM: summons 5 hostile demons
 79720 | Depths:2 | XOM: summons 5 hostile demons
 79732 | Depths:2 | XOM: torment (94/120 hp)
 79826 | Depths:3 | Found a runed translucent door.
 79826 | Depths:3 | Noticed Dikisett's ghost (veteran GrCj)
 79852 | Depths:3 | Slain by an iron troll
 79865 | Depths:3 | Found a one-way gate to the infinite horrors of the Abyss.
 79988 | Depths:3 | XOM: fog
 80444 | Depths:3 | XOM: potion effect (brilliance)
 80606 | Depths:3 | XOM: scenery: create altars
 80607 | Depths:3 | XOM: cast spell 'Summon Hydra'
 80662 | Depths:3 | XOM: butterfly on damage
 80748 | Depths:3 | Noticed a golden dragon
 80754 | Depths:3 | Noticed a caustic shrike
 80755 | Depths:3 | Killed a golden dragon
 80760 | Depths:3 | Killed a caustic shrike
 80761 | Depths:3 | Noticed a caustic shrike
 80766 | Depths:3 | XOM: potion effect (might)
 80769 | Depths:3 | Killed a caustic shrike
 80932 | Depths:3 | XOM: god gift: 5 stones
 81007 | Depths:3 | Learned a level 4 spell: Manifold Assault
 81282 | Depths:3 | XOM: cleaving
 81356 | Depths:4 | Entered Level 4 of the Depths
 81363 | Depths:4 | XOM: summons friendly white imp
 81473 | Depths:4 | XOM: butterfly on damage
 81711 | Depths:4 | Reached skill level 13 in Evocations
 81767 | Depths:4 | XOM: 1-stop teleportation journey
 81834 | Depths:4 | XOM: 1-stop teleportation journey
 81936 | Depths:4 | XOM: 3-stop teleportation journey
 81945 | Depths:4 | XOM: scenery: 1 doors close
 81960 | Depths:4 | Found a gate to the Realm of Zot.
 81960 | Depths:4 | XOM: 9-stop teleportation journey
 81962 | Depths:4 | XOM: summons 4 friendly demons
 82070 | Depths:4 | Reached skill level 13 in Spellcasting
 82070 | Depths:4 | Noticed Jory
 82076 | Depths:4 | Killed Jory
 82129 | Depths:4 | Reached skill level 13 in Conjurations
 82304 | Depths:4 | XOM: noise
 82455 | Depths:4 | XOM: confusion
 82457 | Depths:4 | XOM: smoke on damage
 82493 | Depths:3 | XOM: give mutations
 82493 | Depths:3 | Lost mutation: You are resistant to electric shocks.
                  | (rElec) [Xom's mischief]
 82493 | Depths:3 | Lost mutation: You are partially covered in iridescent
                  | scales. (AC +2) [Xom's mischief]
 82556 | Depths:4 | XOM: summons 2 friendly demons
 82676 | Depths:4 | Reached skill level 14 in Evocations
 82676 | Depths:4 | Reached XP level 23. HP: 108/108 MP: 41/41
 82678 | Depths:4 | XOM: stat loss: -1 Dex (35/36)
 82753 | Depths:4 | XOM: summons 3 hostile shadow creatures
 82758 | Depths:4 | Lost mutation: You are very agile. (Dex +8, Str/Int -2) [a
                  | shining eye]
 82761 | Depths:4 | Lost mutation: Your natural rate of healing is unusually
                  | fast. [a shining eye]
 83003 | D:15     | XOM: blink monster(s)
 83030 | D:15     | Bought a potion of mutation for 112 gold pieces
 83030 | D:15     | Bought a potion of mutation for 112 gold pieces
 83030 | D:15     | Bought 2 potions of cancellation for 224 gold pieces
 83051 | D:15     | XOM: silly message
 83118 | Orc:1    | Bought a potion of heal wounds for 110 gold pieces
 83118 | Orc:1    | Bought a scroll of teleportation for 66 gold pieces
 83118 | Orc:1    | Bought a potion of heal wounds for 110 gold pieces
 83276 | Vaults:1 | XOM: give mutations
 83276 | Vaults:1 | Lost mutation: Your mind is very acute. (Int +8, Str/Dex
                  | -2) [Xom's mischief]
 83276 | Vaults:1 | Gained mutation: You occasionally lose the ability to drink
                  | potions when taking damage. [Xom's mischief]
 83276 | Vaults:1 | Gained mutation: Your muscles are strong. (Str +4, Int/Dex
                  | -1) [Xom's mischief]
 83276 | Vaults:1 | Gained mutation: Your magical capacity is low. (-10% MP)
                  | [Xom's mischief]
 83408 | Vaults:5 | Entered Level 5 of the Vaults
 83411 | Vaults:5 | Noticed a dread lich
 83431 | Vaults:5 | Noticed a dread lich
 83436 | Vaults:5 | XOM: cleaving
 83441 | Vaults:5 | XOM: divination: detect creatures
 83443 | Vaults:5 | XOM: cast spell 'Call Canine Familiar'
 83450 | Vaults:5 | Killed a dread lich
 83529 | Vaults:5 | XOM: confuse monster(s)
 83569 | Vaults:5 | XOM: god gift: 28 gold pieces
 83689 | Vaults:5 | XOM: confuse monster(s)
 83708 | Vaults:5 | Reached skill level 14 in Spellcasting
 83710 | Vaults:5 | XOM: potion effect (invisibility)
 83727 | Vaults:5 | XOM: confuse monster(s)
 83728 | Vaults:5 | Reached skill level 14 in Conjurations
 83781 | Vaults:5 | XOM: divination: detect creatures
 83851 | Vaults:5 | XOM: 1-stop teleportation journey
 83919 | Vaults:5 | XOM: divination: magic mapping
 83969 | Vaults:5 | XOM: confuse monster(s)
 84002 | Vaults:5 | XOM: confusion (+ monsters)
 84085 | Vaults:5 | XOM: confuse monster(s)
 84102 | Vaults:5 | XOM: potion effect (haste)
 84140 | Vaults:5 | Killed a dread lich
 84145 | Vaults:5 | Identified the ring "Yrchibbid" {Will+ Dex-3 Slay+5 SInv}
 84155 | Vaults:5 | Gained mutation: Your body sometimes deteriorates upon
                  | taking damage. [mutagenic glow]
 84157 | Vaults:5 | Reached skill level 1 in Earth Magic
 84159 | Vaults:5 | Reached skill level 2 in Earth Magic
 84164 | Vaults:5 | XOM: cast spell 'Leda's Liquefaction'
 84271 | Vaults:5 | Identified the +4 leather armour of Least Resistance {rCorr
                  | Slay+5 Stlth-}
 84287 | Vaults:5 | Noticed a dread lich
 84303 | Vaults:5 | Killed a dread lich
 84346 | Vaults:5 | Identified the ring of Moodiness {Wiz *Corrode rElec rPois
                  | Dex+3}
 84351 | Vaults:5 | Identified the +2 mace "Qiosh" {protect, rF- rC++ Int+3}
 84427 | Vaults:5 | XOM: noise
 84439 | Vaults:5 | Reached skill level 3 in Earth Magic
 84506 | Vaults:5 | XOM: 2-stop teleportation journey
 84589 | Vaults:5 | XOM: give mutations
 84589 | Vaults:5 | Gained mutation: You possess an exceptional clarity of
                  | mind. [Xom's mischief]
 84589 | Vaults:5 | Lost mutation: Your magical capacity is low. (-10% MP)
                  | [Xom's mischief]
 84835 | Vaults:5 | Reached skill level 4 in Earth Magic
 84856 | Vaults:5 | XOM: summons 1 hostile demon
 84857 | Vaults:5 | XOM: summons 12 hostile demons
 84965 | Vaults:5 | Identified the +1 morningstar of the Nurturing Gods {holy,
                  | rCorr Int+4}
 84968 | Vaults:5 | XOM: polymorph deep elf death mage -> shapeshifter
 84972 | Vaults:5 | XOM: chaos cloud
 84985 | Vaults:5 | XOM: enchant monster (bad)
 84990 | Vaults:5 | XOM: summons 3 friendly demons
 84996 | Vaults:5 | Reached skill level 11 in Air Magic
 85073 | Vaults:5 | XOM: chaos upgrade
 85151 | Vaults:5 | XOM: cloud trail
 85185 | Vaults:5 | XOM: god gift: 42 gold pieces
 85196 | Vaults:5 | Identified the staff of Edeadd {+Blink rC++ Conj}
 85205 | Vaults:5 | Got a silver rune of Zot
 85265 | Vaults:5 | XOM: cloud trail
 85838 | Zot:1    | Entered Level 1 of the Realm of Zot
 85844 | Zot:1    | XOM: scenery: create altars
 85846 | Zot:1    | Reached skill level 5 in Earth Magic
 85854 | Zot:1    | Reached XP level 24. HP: 112/112 MP: 42/42
 85866 | Zot:1    | XOM: noise
 85869 | Zot:1    | XOM: swap monsters
 85870 | Zot:1    | XOM: enchant monster (bad)
 85875 | Depths:4 | XOM: give mutation
 85875 | Depths:4 | Gained mutation: You expend magic power (3 MP) to
                  | strengthen your wands. [Xom's mischief]
 86065 | Depths:4 | XOM: summons 8 hostile demons
 86180 | Zot:1    | XOM: give mutations
 86180 | Zot:1    | Lost mutation: You possess an exceptional clarity of mind.
                  | [Xom's mischief]
 86180 | Zot:1    | Gained mutation: You occasionally lose the ability to read
                  | scrolls when taking damage. [Xom's mischief]
 86180 | Zot:1    | Gained mutation: You are vulnerable to heat. (rF-) [Xom's
                  | mischief]
 86211 | Zot:1    | XOM: silly message
 86245 | Zot:1    | Lost mutation: Your body sometimes deteriorates upon taking
                  | damage. [potion of mutation]
 86245 | Zot:1    | Lost mutation: Your muscles are strong. (Str +4, Int/Dex
                  | -1) [potion of mutation]
 86245 | Zot:1    | Lost mutation: You are vulnerable to heat. (rF-) [potion of
                  | mutation]
 86245 | Zot:1    | Gained mutation: You are very agile. (Dex +8, Str/Int -2)
                  | [potion of mutation]
 86346 | Zot:1    | Lost mutation: You are very agile. (Dex +8, Str/Int -2)
                  | [potion of mutation]
 86346 | Zot:1    | Lost mutation: You occasionally lose the ability to drink
                  | potions when taking damage. [potion of mutation]
 86346 | Zot:1    | Lost mutation: You expend magic power (3 MP) to strengthen
                  | your wands. [potion of mutation]
 86346 | Zot:1    | Gained mutation: You are partially covered in iridescent
                  | scales. (AC +2) [potion of mutation]
 86347 | Zot:1    | Lost mutation: You have a pair of small horns on your head.
                  | [potion of mutation]
 86347 | Zot:1    | Lost mutation: You occasionally lose the ability to read
                  | scrolls when taking damage. [potion of mutation]
 86347 | Zot:1    | Lost mutation: Your mind is acute. (Int +4, Str/Dex -1)
                  | [potion of mutation]
 86347 | Zot:1    | Gained mutation: You sometimes lose your temper in combat.
                  | [potion of mutation]
 86347 | Zot:1    | Gained mutation: You occasionally lose the ability to drink
                  | potions when taking damage. [potion of mutation]
 86347 | Zot:1    | Gained mutation: You occasionally lose the ability to read
                  | scrolls when taking damage. [potion of mutation]
 86348 | Zot:1    | Lost mutation: You occasionally lose the ability to drink
                  | potions when taking damage. [potion of mutation]
 86348 | Zot:1    | Lost mutation: You sometimes lose your temper in combat.
                  | [potion of mutation]
 86348 | Zot:1    | Lost mutation: You are partially covered in iridescent
                  | scales. (AC +2) [potion of mutation]
 86348 | Zot:1    | Gained mutation: You expend magic power (3 MP) to
                  | strengthen your wands. [potion of mutation]
 86348 | Zot:1    | Gained mutation: You passively dampen the noise of your
                  | surroundings. [potion of mutation]
 86348 | Zot:1    | Gained mutation: Your spells are a little harder to cast,
                  | but a little more powerful. [potion of mutation]
 86368 | Zot:1    | Reached skill level 6 in Earth Magic
 86507 | Zot:1    | XOM: enchant monster (good)
 86525 | Zot:1    | XOM: summons 2 hostile demons
 86724 | Zot:1    | XOM: stat loss: -1 Dex (26/28)
 86755 | Zot:1    | XOM: noise
 86794 | Zot:1    | XOM: stat loss: -1 Int (18/19)
 86838 | Zot:1    | Reached skill level 12 in Air Magic
 86942 | Zot:1    | XOM: confusion
 86997 | Zot:1    | XOM: noise
 87131 | Zot:1    | Found a corrupted altar of Lugonu.
 87136 | Zot:1    | Reached skill level 7 in Earth Magic
 87494 | Zot:1    | XOM: god gift: scroll of immolation
 88077 | Zot:3    | XOM: summons friendly iron imp
 88152 | Zot:2    | XOM: give mutation
 88152 | Zot:2    | Gained mutation: You have a pair of small antennae on your
                  | head. [Xom's grace]
 88213 | Zot:3    | Reached skill level 8 in Earth Magic
 88245 | Zot:3    | XOM: give mutations
 88245 | Zot:3    | Gained mutation: You are partially covered in iridescent
                  | scales. (AC +2) [Xom's grace]
 88245 | Zot:3    | Gained mutation: Your system is resistant to poisons.
                  | (rPois) [Xom's grace]
 88245 | Zot:3    | Gained mutation: You are very agile. (Dex +8, Str/Int -2)
                  | [Xom's grace]
 88493 | Zot:3    | XOM: 2-stop teleportation journey
 88569 | Zot:3    | XOM: cleaving
 88576 | Zot:3    | Reached skill level 13 in Air Magic
 88811 | Zot:3    | XOM: butterfly on damage
 88889 | Zot:3    | XOM: divination: magic mapping
 89158 | Zot:3    | Reached skill level 9 in Earth Magic
 89240 | Zot:3    | XOM: 8-stop teleportation journey
 89265 | Zot:3    | XOM: give mutation
 89265 | Zot:3    | Gained mutation: You have very sharp fingernails. [Xom's
                  | grace]
 89281 | Zot:3    | XOM: god gift: 3 atropa-tipped darts
 89589 | Crypt:1  | Entered Level 1 of the Crypt
 89667 | Crypt:1  | Noticed Xtahua
 89678 | Crypt:1  | Killed Xtahua
 89856 | Crypt:1  | XOM: divine lightning
 89859 | Crypt:1  | XOM: smoke on damage
 90068 | Crypt:1  | XOM: enchant monster (bad)
 90099 | Crypt:1  | XOM: summons friendly iron imp
 90356 | Crypt:1  | XOM: summons 9 hostile demons
 90390 | Crypt:2  | XOM: summons 4 hostile demons
 90427 | Crypt:2  | XOM: 1-stop teleportation journey
 90482 | Crypt:2  | Identified the ring "Xivvopn" {Ice rElec rCorr Dex+5 SInv}
 90482 | Crypt:2  | Noticed Josephina
 90495 | Crypt:2  | Killed Josephina
 90496 | Crypt:2  | Reached skill level 10 in Earth Magic
 90722 | Crypt:2  | Reached skill level 14 in Air Magic
 91092 | Crypt:2  | Noticed Zenata
 91109 | Crypt:2  | Killed Zenata
 91355 | Crypt:2  | XOM: silly message
 91391 | Crypt:2  | XOM: god gift: quarterstaff {god gift}
 91599 | Crypt:3  | Entered Level 3 of the Crypt
 91630 | Crypt:3  | Noticed Vv
 91680 | Crypt:3  | Killed Vv
 91994 | Crypt:3  | XOM: noise
 92021 | Crypt:3  | Reached XP level 25. HP: 115/115 MP: 42/42
 92072 | Crypt:3  | XOM: fog
 92074 | Crypt:3  | Reached skill level 11 in Earth Magic
 92074 | Crypt:3  | XOM: enchant monster (good)
 92078 | Crypt:3  | Identified the ring "Tesuvice" {rElec rF+ Will+ Dex+4}
 92169 | Crypt:3  | Noticed Bai Suzhen
 92171 | Crypt:3  | Killed Bai Suzhen
 92281 | Crypt:3  | XOM: summons 3 friendly demons
 92301 | Crypt:2  | XOM: silly message
 92423 | Crypt:3  | Identified the +0 pair of boots of the Skies Above {Regen+
                  | Str+3 Int-2 Dex+5}
 92437 | Crypt:3  | XOM: noise
 92453 | Crypt:3  | XOM: enchant monster (good)
 92505 | Crypt:3  | Reached skill level 12 in Earth Magic
 92535 | Crypt:3  | XOM: divination: detect creatures
 92688 | Crypt:3  | Found a staircase to the Tomb.
 92826 | Crypt:3  | Noticed Mennas
 92828 | Crypt:3  | Killed Mennas
 93005 | Crypt:3  | Reached skill level 13 in Earth Magic
 93143 | Crypt:3  | XOM: god gift: potion of degeneration
 93258 | Crypt:3  | Identified the ring of Fyap {rElec rC+ rN+ rCorr}
 93258 | Crypt:3  | Identified the amulet of the Exiled Shrikes {Regen+ Int+2}
 93258 | Crypt:3  | Identified the ring of Foanueli {rN+ Dex+3}
 93355 | Crypt:1  | XOM: god gift: wand of charming (5)
 93682 | Zot:2    | XOM: god gift: wand of roots (4)
 93740 | Zot:5    | Entered Level 5 of the Realm of Zot
 93757 | Zot:5    | XOM: smoke on damage
 93760 | Zot:5    | XOM: cast spell 'Summon Horrible Things'
 93970 | Zot:5    | Found a runed translucent door.
 93970 | Zot:5    | Noticed Vualuitu's ghost (legendary FoHu)
 94048 | Zot:5    | XOM: give mutations
 94048 | Zot:5    | Gained mutation: You are occasionally teleported next to
                  | monsters. [Xom's mischief]
 94048 | Zot:5    | Lost mutation: You occasionally lose the ability to read
                  | scrolls when taking damage. [Xom's mischief]
 94062 | Zot:5    | Noticed a Killer Klown
 94063 | Zot:5    | Noticed an orb of fire
 94063 | Zot:5    | Noticed an orb of fire
 94063 | Zot:5    | Noticed an ancient lich
 94063 | Zot:5    | Noticed an orb of fire
 94063 | Zot:5    | Noticed an ancient lich
 94063 | Zot:5    | Noticed an ancient lich
 94063 | Zot:5    | Noticed an orb of fire
 94065 | Zot:5    | Gained mutation: You are often teleported next to monsters.
                  | [an orb of fire]
 94065 | Zot:5    | Gained mutation: You sometimes lose your temper in combat.
                  | [an orb of fire]
 94068 | Zot:5    | Noticed an ancient lich
 94069 | Zot:5    | Lost mutation: You have very sharp fingernails. [potion of
                  | mutation]
 94069 | Zot:5    | Lost mutation: You passively dampen the noise of your
                  | surroundings. [potion of mutation]
 94069 | Zot:5    | Lost mutation: You have a pair of small antennae on your
                  | head. [potion of mutation]
 94069 | Zot:5    | Gained mutation: Your body sometimes deteriorates upon
                  | taking damage. [potion of mutation]
 94069 | Zot:5    | Gained mutation: Your natural rate of healing is unusually
                  | fast. [potion of mutation]
 94070 | Zot:5    | Lost mutation: Your system is resistant to poisons. (rPois)
                  | [potion of mutation]
 94070 | Zot:5    | Lost mutation: You are partially covered in iridescent
                  | scales. (AC +2) [potion of mutation]
 94070 | Zot:5    | Gained mutation: A frigid envelope surrounds you and
                  | freezes all who hurt you. [potion of mutation]
 94070 | Zot:5    | Gained mutation: You heal very quickly. [potion of
                  | mutation]
 94071 | Zot:5    | Lost mutation: Your body sometimes deteriorates upon taking
                  | damage. [potion of mutation]
 94071 | Zot:5    | Lost mutation: You sometimes lose your temper in combat.
                  | [potion of mutation]
 94071 | Zot:5    | Lost mutation: You are often teleported next to monsters.
                  | [potion of mutation]
 94071 | Zot:5    | Gained mutation: You have hidden genetic defects. [potion
                  | of mutation]
 94071 | Zot:5    | Lost mutation: You are very agile. (Dex +8, Str/Int -2)
                  | [potion of mutation]
 94072 | Zot:5    | Lost mutation: You are occasionally teleported next to
                  | monsters. [potion of mutation]
 94072 | Zot:5    | Lost mutation: A frigid envelope surrounds you and freezes
                  | all who hurt you. [potion of mutation]
 94072 | Zot:5    | Lost mutation: You have hidden genetic defects. [potion of
                  | mutation]
 94072 | Zot:5    | Gained mutation: You are dopey. (Int -2) [potion of
                  | mutation]
 94081 | Zot:5    | Killed an ancient lich
 94082 | Zot:5    | Reached skill level 14 in Earth Magic
 94086 | Zot:5    | XOM: summons friendly shadow imp
 94111 | Zot:5    | Identified the +2 war axe "Ogrebane" {elec, Fly Will++}
 94119 | Zot:5    | Gained mutation: You are weak. (Str -2) [mutagenic glow]
 94121 | Zot:5    | XOM: enchant monster (bad)
 94136 | Zot:5    | Noticed an orb of fire
 94149 | Zot:5    | Gained mutation: Your magical capacity is low. (-10% MP)
                  | [an orb of fire]
 94155 | Zot:5    | Killed an orb of fire
 94155 | Zot:5    | XOM: scenery: create altars
 94161 | Zot:5    | Noticed a Killer Klown
 94172 | Zot:5    | Killed a Killer Klown
 94173 | Zot:5    | Reached skill level 1 in Poison Magic
 94180 | Zot:5    | Noticed an orb of fire
 94180 | Zot:5    | Noticed a dread lich
 94181 | Zot:5    | Noticed an orb of fire
 94181 | Zot:5    | Noticed an orb of fire
 94189 | Zot:5    | Killed a dread lich
 94189 | Zot:5    | XOM: potion effect (brilliance)
 94190 | Zot:5    | Reached skill level 2 in Poison Magic
 94191 | Zot:5    | Reached skill level 3 in Poison Magic
 94195 | Zot:5    | Lost mutation: Your spells are a little harder to cast, but
                  | a little more powerful. [an orb of fire]
 94195 | Zot:5    | Gained mutation: You are very dopey. (Int -4) [an orb of
                  | fire]
 94197 | Zot:5    | XOM: summons friendly quasit
 94198 | Zot:5    | Gained mutation: You sometimes lose your temper in combat.
                  | [an orb of fire]
 94199 | Zot:5    | Killed an orb of fire
 94199 | Zot:5    | Gained mutation: You are very weak. (Str -4) [an orb of
                  | fire]
 94208 | Zot:5    | Gained mutation: Your magical capacity is very low. (-20%
                  | MP) [an orb of fire]
 94210 | Zot:5    | Gained mutation: You are very agile. (Dex +8, Str/Int -2)
                  | [an orb of fire]
 94211 | Zot:5    | Reached skill level 4 in Poison Magic
 94214 | Zot:5    | Gained mutation: Your body sometimes deteriorates upon
                  | taking damage. [an orb of fire]
 94216 | Zot:5    | Noticed an orb of fire
 94216 | Zot:5    | Gained mutation: You are vulnerable to cold. (rC-) [an orb
                  | of fire]
 94220 | Zot:5    | Gained mutation: You are frail. (-10% HP) [an orb of fire]
 94221 | Zot:5    | Gained mutation: Your body often deteriorates upon taking
                  | damage. [an orb of fire]
 94223 | Zot:5    | Killed an orb of fire
 94223 | Zot:5    | Lost mutation: You heal very quickly. [an orb of fire]
 94232 | Zot:5    | Gained mutation: You have an uncontrollable temper. [an orb
                  | of fire]
 94236 | Zot:5    | Gained mutation: You occasionally shout uncontrollably at
                  | your foes. [an orb of fire]
 94238 | Zot:5    | Gained mutation: You frequently scream uncontrollably at
                  | your foes. [an orb of fire]
 94239 | Zot:5    | XOM: summons friendly iron imp
 94240 | Zot:5    | Killed an orb of fire
 94240 | Zot:5    | Gained mutation: You occasionally lose the ability to drink
                  | potions when taking damage. [an orb of fire]
 94241 | Zot:5    | Reached skill level 5 in Poison Magic
 94242 | Zot:5    | Gained mutation: Potions are less effective at restoring
                  | your health. [an orb of fire]
 94244 | Zot:5    | XOM: cleaving
 94249 | Zot:5    | XOM: fog
 94250 | Zot:5    | XOM: silly message
 94254 | Zot:5    | Gained mutation: Your spells are a little easier to cast,
                  | but a little less powerful. [an orb of fire]
 94260 | Zot:5    | Gained mutation: You are very frail. (-20% HP) [an orb of
                  | fire]
 94263 | Zot:5    | Killed an orb of fire
 94264 | Zot:5    | Lost mutation: You expend magic power (3 MP) to strengthen
                  | your wands. [potion of mutation]
 94264 | Zot:5    | Lost mutation: You occasionally lose the ability to drink
                  | potions when taking damage. [potion of mutation]
 94264 | Zot:5    | Lost mutation: You have an uncontrollable temper. [potion
                  | of mutation]
 94307 | Zot:5    | Reached skill level 6 in Poison Magic
 94322 | Zot:5    | XOM: divine lightning
 94327 | Zot:5    | Lost strength.
 94333 | Zot:5    | Lost mutation: Your natural rate of healing is unusually
                  | fast. [mutagenic glow]
 94463 | Zot:5    | XOM: give mutations
 94463 | Zot:5    | Gained mutation: You are somewhat resistant to further
                  | mutation. [Xom's grace]
 94463 | Zot:5    | Gained mutation: You expend magic power (3 MP) to
                  | strengthen your wands. [Xom's grace]
 94679 | Zot:3    | XOM: silly message
 95013 | Slime:1  | Entered Level 1 of the Pits of Slime
 95229 | Slime:1  | XOM: divination: magic mapping
 95519 | Lair:4   | XOM: summons 2 hostile shadow creatures
 95660 | Lair:4   | XOM: give mutations
 95660 | Lair:4   | Lost mutation: You sometimes lose your temper in combat.
                  | [Xom's grace]
 95660 | Lair:4   | Lost mutation: You are very frail. (-20% HP) [Xom's grace]
 95660 | Lair:4   | Lost mutation: You are very weak. (Str -4) [Xom's grace]
 95660 | Lair:4   | Gained mutation: You are partially covered in large bone
                  | plates. (SH +4) [Xom's grace]
 95832 | D:14     | Killed Agnes
 96089 | D:14     | XOM: scenery: create altars
 96130 | D:14     | XOM: god gift: There-And-Back Book
 96619 | D:14     | XOM: summons 1 hostile demon
 97106 | D:13     | XOM: god gift: broad axe {god gift}
 97435 | D:14     | XOM: summons 3 hostile shadow creatures
 97607 | D:13     | XOM: god gift: wand of roots (5)
 97810 | D:13     | XOM: god gift: 2 boomerangs
 98193 | D:13     | XOM: give mutations
 98193 | D:13     | Lost mutation: You are very dopey. (Int -4) [Xom's
                  | mischief]
 98193 | D:13     | Lost mutation: You expend magic power (3 MP) to strengthen
                  | your wands. [Xom's mischief]
 98193 | D:13     | Lost mutation: Your magical capacity is very low. (-20% MP)
                  | [Xom's mischief]
 98193 | D:13     | Lost mutation: Your spells are a little easier to cast, but
                  | a little less powerful. [Xom's mischief]
 98213 | D:13     | XOM: scenery: summon butterflies
 98765 | D:13     | XOM: give mutations
 98765 | D:13     | Lost mutation: You are weak. (Str -2) [Xom's mischief]
 98765 | D:13     | Lost mutation: You are dopey. (Int -2) [Xom's mischief]
 98765 | D:13     | Lost mutation: You are very agile. (Dex +8, Str/Int -2)
                  | [Xom's mischief]
 98939 | Zot:1    | XOM: divination: detect creatures
 99119 | Zot:5    | XOM: cleaving
 99119 | Zot:5    | Gained mutation: You occasionally lose the ability to drink
                  | potions when taking damage. [an orb of fire]
 99121 | Zot:5    | Gained mutation: You are occasionally teleported next to
                  | monsters. [an orb of fire]
 99124 | Zot:5    | Killed an orb of fire
 99125 | Zot:5    | Reached skill level 7 in Poison Magic
 99183 | Zot:5    | XOM: enchant monster (good)
 99190 | Zot:5    | Reached skill level 8 in Poison Magic
 99199 | Zot:5    | Reached XP level 26. HP: 108/108 MP: 21/38
 99229 | Zot:5    | Killed an orb of fire
 99230 | Zot:5    | Reached skill level 9 in Poison Magic
 99263 | Zot:5    | Got the Orb of Zot
 99271 | Zot:5    | Noticed an ancient lich
 99338 | Zot:3    | XOM: confuse monster(s)
 99412 | Depths:4 | XOM: butterfly on damage
 99699 | D:$      | Escaped with the Orb!

Illustrated notes

Levels and vault maps discovered:
D:1:      dpeg_arrival_boxes_within_box, layout_rooms,
          shapermc_ecumenical_altar_mp_vishouse, minmay_misc_feat_ornament
D:2:      layout_basic, basic_altar, minmay_misc_feat_four_crosses,
          minmay_misc_feat_rugged
D:3:      layout_basic, lightli_sewer_entry_pipes,
          chequers_serial_rivers_small_a
D:4:      layout_rooms
D:5:      layout_loops_ring, bloody_makhleb,
          minmay_temple_entry_enclosed_plants, st_stairs_13
D:6:      layout_basic, mainiacjoe_overflow_divided_tiny, serial_shops, shop
D:7:      layout_cave_pools, serial_park, serial_park_square3
          [serial_park_minivault_5x5_7], serial_park_square3
          [serial_park_minivault_5x5_3], serial_park_square3
          [serial_park_minivault_5x5_4], serial_park_tiny_pond
D:8:      layout_cave_pools, nicolae_overflow_hidden_temple, uniq_maurice
D:9:      layout_cave_pools, lemuel_doored_altar,
          nicolae_qazlal_eye_of_the_storm, hellmonk_lair_entry_icy,
          enter_bailey_5
D:10:     layout_basic
D:11:     layout_roguey
D:12:     layout_roguey, orc_david_3
D:13:     layout_cave_pools, hellmonk_vaults_keyhole, uniq_nessos, uniq_rupert,
          uniq_sonja
D:14:     layout_basic, nicolae_gozag_cash_rules_everything_around_me,
          uniq_agnes, uniq_snorg
D:15:     gammafunk_depths_entry_grave, layout_gridville, serial_shops, shop,
          uniq_kirke
Lair:1:   layout_regular_city
Lair:2:   layout_misc_corridors, nicolae_swamp_entry_splash_gauntlet,
          dummy_snake_entry, gauntlet_entry_generic, worms_lemuel, uniq_nergalle
Lair:3:   layout_regular_city, portal_ice_cave_entry_pillars_2,
          ebering_ghost_disaster_area, serial_bayou_shore_a
Lair:4:   layout_roguey [special_room_bee]
Lair:5:   grunt_lair_end_beastmaster, layout_cave_pods, dpeg_slime_entry_corner,
          serial_forest, infiniplex_forest_end_2, infiniplex_forest_end_1,
          infiniplex_forest_lined_room_, infiniplex_forest_zigzag_1,
          infiniplex_forest_fountain, infiniplex_forest_clump_diagonal,
          infiniplex_forest_clump_diagonal, infiniplex_staircase_pool_2
Swamp:1:  layout_falls_marsh, evilmike_swamp_ruin_house_4, swamp_pool_4
Swamp:2:  layout_basic_swamp, nicolae_swamp_big_swirl
Swamp:3:  layout_basic_swamp, nicolae_swamp_trees_clearing, uniq_nikola,
          uniq_mlioglotl
Swamp:4:  swamp, layout_basic_swamp
Snake:1:  layout_layer_cave, grunt_megastairs_3
Snake:2:  layout_grid_maze, hellmonk_ghost_happy_afterlife
Snake:3:  nicolae_sea_snake_s, layout_rooms, grunt_ministairs_10,
          minmay_shoptagon
Snake:4:  johnstein_snake_rune_scales, layout_rooms, serial_curves,
          eino_curves_04, eino_curves_04, basic_altar,
          nicolae_twisty_statue_hallways, minmay_shop_grove, uniq_mara,
          uniq_vashnia
Slime:1:  layout_caves
Orc:1:    layout_caves, serial_shops, shop, shop, nicolae_shop_tiny_waterfront,
          shop, nooodl_orcs_dogs, uniq_fannar
Orc:2:    st_orc_town, layout_diamond_mine
Elf:1:    eino_elf_arrival_shootout, layout_geoelf_diagonals, serial_shops,
          freezing_bzr, minmay_elf_annihilation, minivault_14, minivault_4,
          hex_intersection
Elf:2:    nicolae_elf_blades_crystal_corner, layout_onion_city, serial_shops,
          shop, nrook_loot_triangle
Elf:3:    minmay_elf_hall_furrowed, layout_loops_corners, serial_shops,
          nicolae_shop_waterfront, grunt_megastairs_4
Vaults:1: v_misc_27, nicolae_vaults_frosty_reception, nicolae_vaults_house_3,
          nicolae_vaults_double_plus_1, nicolae_vaults_little_squares_5,
          v_misc_9, minmay_guarded_unrand_secular_launcher,
          nicolae_vaults_mini_display_case, v_misc_33,
          hangedman_vaults_restitches, vaults_dpeg_emergency_exit,
          ontoclasm_vaults_ring_small, layout_vaults_omnibox
Vaults:2: nicolae_vaults_oozy_zoo, ontoclasm_vaults_tryst,
          nicolae_vaults_ninety_degrees, nicolae_vaults_octothorpe,
          nicolae_vaults_trapezoid_lopsided_2, nicolae_vaults_storage_closets_2,
          nicolae_vaults_stepped_doors, vaults_room_corners,
          layout_vaults_quadrants
Vaults:3: v_misc_10, minmay_crypt_entry_necro_gods,
          nicolae_vaults_storage_closets_1, nicolae_vaults_little_ls,
          hangedman_vaults_hat, grunt_vaults_funnel, nicolae_vaults_alarming,
          nicolae_vaults_prndl, v_misc_25,
          nicolae_vaults_taking_the_gang_shopping, nicolae_vaults_asterisk,
          nicolae_vaults_offset_grid_hallway_1, grunt_vaults_bifocal,
          layout_vaults_maze, uniq_norris
Vaults:4: nicolae_vaults_octothorpe, nicolae_vaults_double_plus_1,
          nicolae_vaults_shrinking_rooms_1, ontoclasm_vaults_decontamination,
          nicolae_vaults_oval_intersection, hangedman_vaults_trim,
          nicolae_vaults_more_shelving_2, nicolae_vaults_network_quinsquares
          [nicolae_vaults_network_quincunx_subvault,
          nicolae_vaults_network_quincunx_subvault,
          nicolae_vaults_network_quincunx_subvault,
          nicolae_vaults_network_quincunx_subvault],
          nicolae_vaults_network_square, vaults_room_fours, vaults_dpeg_hooks,
          nicolae_vaults_trapezoid_3, layout_vaults_big_cross
Vaults:5
Crypt:1:  layout_misc_corridors, grunt_crypt_arrival_guarded_gate,
          roderic_lattice_octagonal_star, uniq_xtahua
Crypt:2:  layout_catacombs, uniq_josephina, uniq_zenata
Crypt:3:  due_elkab, layout_chaotic_city, tomb_entry_shell_bobbens,
          uniq_bai_suzhen, uniq_mennas, uniq_vv
Depths:1: layout_big_octagon, enter_ziggurat_f, hangedman_coc_ice_floe,
          mu_enter_wizlab_6, kennysheep_generic_room_3, grunt_megastairs_1,
          uniq_saint_roka
Depths:2: nzn_winding_woodlands_cross
          [nzn_winding_woodlands_5x15_pathside_ponds,
          nzn_winding_woodlands_5x15_parted, nzn_winding_woodlands_5x15_jagged,
          nzn_winding_woodlands_5x15_lazy_stream,
          nzn_winding_woodlands_15x15_five_gardens], layout_cave_pools,
          grunt_pan_entry_in_and_out, hell_entry, minmay_staircase_bubble
Depths:3: evilmike_diamond_2, layout_honeycomb, hellmouth_1,
          hellmonk_ghost_big_iron, dk_noncrumbling_3, abyss_entry, uniq_parghit
Depths:4: grunt_zot_entry_tricorne, layout_twisted_cross,
          hangedman_abyss_entry_splay, grunt_hell_entry_demonic_statue,
          uniq_jory
Zot:1:    layout_gridlike, hangedman_zot_gyre, lemuel_baited_zot_trap,
          grunt_ministairs_11, amcnicky_altar_lugonu_corruption
Zot:2:    hangedman_orp_of_zott, layout_onion_interference, grunt_megastairs_5
Zot:3:    layout_twisted_circle, regret_index_zotdec_tunneler,
          hangedman_zot_decor_checkerboard
Zot:4:    layout_twisted_circle, lemuel_elevator
Zot:5:    layout_gridlike, ebering_ghost_inner_flame, grunt_ministairs_9,
          st_stairs_6, drop_trap

Skill      XL: |  1  2  3  4  5  6  7  8  9 10 11 12 13 14 15 16 17 18 19 20 21 22 23 24 25 26 |
---------------+-------------------------------------------------------------------------------+-----
Stealth        | 2 3 5 10 12 13 14 | 14.9
Unarmed Combat | 4 7 10 11 14 | 14.9
Conjurations   | 1 2 3 9 10 11 13 14 | 14.9
Air Magic      | 1 2 3 5 7 8 9 10 11 14 | 14.9
Spellcasting   | 1 2 4 6 7 9 10 11 13 14 | 14.9
Dodging        | 4 5 8 10 13 14 | 14.9
Evocations     | 1 2 5 6 8 9 11 14 | 14.9
Translocations | 2 9 10 13 14 | 14.9
Fighting       | 5 7 9 10 11 13 14 | 14.9
Shapeshifting  | 4 8 10 11 14 | 14.9
Hexes          | 9 14 | 14.0
Transmutations | 3 10 14 | 14.9
Earth Magic    | 5 10 14 | 14.9
Poison Magic   | 8 9 |  9.5

Action                     |  1- 3 |  4- 6 |  7- 9 | 10-12 | 13-15 | 16-18 | 19-21 | 22-24 | 25-27 || total
---------------------------+-------+-------+-------+-------+-------+-------+-------+-------+-------++-------
  Melee: Unarmed           |   114 |   146 |    63 |   211 |   595 |   852 |  1399 |  1951 |   651 ||  5982
         Bite              |     8 |     8 |     7 |    35 |   111 |   170 |   291 |   405 |   133 ||  1168
         Punch             |     1 |     4 |     3 |    12 |    60 |    98 |   217 |   303 |   105 ||   803
         Maw               |       |       |       |       |    73 |   357 |   342 |       |       ||   772
         Headbutt          |       |       |       |       |       |   233 |   516 |   451 |       ||  1200
   Cast: Shock             |       |    65 |   175 |    70 |       |       |       |       |     1 ||   311
         Blink             |       |       |     2 |     2 |    18 |     6 |     2 |     5 |     3 ||    38
         Airstrike         |       |       |    49 |   344 |   762 |   581 |    87 |       |       ||  1823
         Confusing Touch   |       |       |       |       |    15 |    27 |       |       |       ||    42
         Irradiate         |       |       |       |       |       |    30 |    91 |    93 |    34 ||   248
         Vhi's Electric Ch |       |       |       |       |       |    18 |   122 |   129 |    28 ||   297
         Arcjolt           |       |       |       |       |       |       |     3 |     2 |       ||     5
         Lesser Beckoning  |       |       |       |       |       |       |     1 |     1 |       ||     2
         Manifold Assault  |       |       |       |       |       |       |       |    72 |    44 ||   116
         Wereblood         |       |       |       |       |       |       |       |    11 |       ||    11
         Passwall          |       |       |       |       |       |       |       |     3 |     2 ||     5
         Silence           |       |       |       |       |       |       |       |     1 |       ||     1
Ability: Begin Untransform |       |       |       |       |       |       |       |       |     1 ||     1
  Evoke: Wand              |       |     8 |    13 |    16 |    17 |    11 |     1 |    23 |    33 ||   122
         Box of beasts     |       |       |       |       |     1 |     2 |       |       |     2 ||     5
         Phantom mirror    |       |       |       |       |     1 |     2 |       |       |     2 ||     5
         Lightning rod     |       |       |       |       |       |     6 |     3 |       |     2 ||    11
         Phial of floods   |       |       |       |       |       |     2 |       |     1 |       ||     3
         Tin of tremorston |       |       |       |       |       |     2 |     4 |     6 |     2 ||    14
    Use: Scroll            |     3 |     1 |     4 |     9 |    12 |     4 |     5 |    15 |     7 ||    60
         Potion            |     1 |     2 |     2 |     3 |     3 |     2 |     2 |    16 |    38 ||    69
   Stab: Sleeping          |     9 |     9 |     1 |       |    11 |    12 |    40 |    32 |    16 ||   130
         Petrified         |       |     3 |       |       |     2 |       |     3 |     1 |       ||     9
         Invisible         |       |       |     1 |     3 |       |     4 |       |    20 |     9 ||    37
         Distracted        |       |       |       |     1 |     3 |     8 |     4 |     5 |     5 ||    26
         Confused          |       |       |       |     1 |    21 |    21 |     8 |     4 |       ||    55
         Betrayed ally     |       |       |       |       |       |       |     1 |       |       ||     1
         Paralysed         |       |       |       |       |       |       |     1 |       |       ||     1
 Armour: Skin              |    23 |    41 |    62 |   101 |   179 |   282 |   684 |  1169 |   361 ||  2902
  Dodge: Dodged            |    64 |    78 |   129 |   446 |   780 |  1099 |  2755 |  4177 |  1395 || 10923
  Block: Other             |       |       |       |       |    29 |   166 |     6 |       |     3 ||   204
         Reflection        |       |       |       |       |       |    20 |     1 |       |       ||    21
   Form: Maw               |       |       |       |       |     1 |       |     1 |       |       ||     2
         Statue            |       |       |       |       |       |       |     2 |       |       ||     2

Table legend: (Time is in decaauts)
 A = Elapsed time spent in this place.
 B = Non-inter-level travel time spent in this place.
 C = Inter-level travel time spent in this place.
 D = Time resting spent in this place.
 E = Time spent auto-exploring this place.
 F = Levels seen in this place.
 G = Mean time per level.
                   A        B        C        D        E       F      G
               +--------+--------+--------+--------+--------+-----+--------+
         Total | 106206 |  98491 |   7715 |  30061 |  49935 |  55 | 1931.0 |
       Dungeon |  27874 |  25807 |   2067 |  11571 |  10359 |  15 | 1858.3 |
          Lair |  15196 |  14245 |    951 |   5671 |   6414 |   5 | 3039.2 |
         Swamp |  10118 |   9937 |    181 |   5026 |   3706 |   4 | 2529.5 |
     Snake Pit |   8705 |   8477 |    228 |   1559 |   5497 |   4 | 2176.2 |
    Slime Pits |     79 |     78 |      1 |     19 |      0 |   1 |   79.0 |
  Orcish Mines |   5307 |   4995 |    312 |   1079 |   3282 |   2 | 2653.5 |
   Elven Halls |   6138 |   5916 |    222 |   1222 |   3641 |   3 | 2046.0 |
        Vaults |  10347 |   9116 |   1231 |    413 |   6368 |   5 | 2069.4 |
         Crypt |   5391 |   5088 |    303 |    245 |   3299 |   3 | 1797.0 |
        Depths |   8789 |   7760 |   1029 |    922 |   4725 |   4 | 2197.2 |
           Zot |   7206 |   6021 |   1185 |   1781 |   2480 |   5 | 1441.2 |
        Bazaar |     27 |     27 |      0 |      0 |     16 |   1 |   27.0 |
         Sewer |    126 |    126 |      0 |     16 |      0 |   1 |  126.0 |
        Bailey |    735 |    735 |      0 |    531 |     54 |   1 |  735.0 |
      Gauntlet |    161 |    161 |      0 |      0 |     88 |   1 |  161.0 |
               +--------+--------+--------+--------+--------+-----+--------+

Top non-repeatable levels by time:
    D:13: 4903 daAuts
  Lair:5: 4006 daAuts
    D:15: 3682 daAuts
  Lair:1: 3215 daAuts
    D:14: 3108 daAuts
 Swamp:3: 2993 daAuts
Vaults:5: 2971 daAuts
  Lair:4: 2932 daAuts
   Zot:1: 2931 daAuts
   Orc:1: 2901 daAuts
 Swamp:2: 2861 daAuts
 Snake:3: 2802 daAuts
   Elf:3: 2793 daAuts
  Lair:2: 2779 daAuts
Depths:4: 2744 daAuts

Table legend:
 A = Kills in this place as a percentage of kills in the entire game.
 B = Kills by you in this place as a percentage of kills by you in the entire game.
 C = Kills by friends in this place as a percentage of kills by friends in the entire game.
 D = Other kills in this place as a percentage of other kills in the entire game.
 E = Experience gained in this place as a percentage of experience gained in the entire game.
 F = Experience gained in this place divided by the number of levels of this place that you have seen.
                   A       B       C       D       E      F
               +-------+-------+-------+-------+-------+----------------------
         Total | 100.0 | 100.0 | 100.0 | 100.0 | 100.0 | 24272.6
       Dungeon |  16.5 |  16.7 |  14.3 |   0.0 |   5.9 | 5282.9
          Lair |   9.4 |   9.5 |   1.8 |  20.0 |   4.3 | 11583.4
         Swamp |   5.6 |   5.6 |   3.6 |  13.3 |   5.9 | 19850.0
     Snake Pit |   9.8 |   9.4 |  26.8 |   0.0 |   9.3 | 31010.2
    Slime Pits |   0.2 |   0.2 |   0.0 |   0.0 |   0.1 | 1161.0
  Orcish Mines |   6.2 |   6.3 |   1.8 |   0.0 |   1.2 | 7889.0
   Elven Halls |   7.2 |   7.2 |   5.4 |  13.3 |   8.5 | 38024.7
        Vaults |  17.6 |  17.9 |   5.4 |  20.0 |  23.3 | 62180.6
         Crypt |   8.7 |   9.0 |   1.8 |   0.0 |   9.6 | 42785.3
        Depths |  11.6 |  11.7 |   7.1 |  13.3 |  15.9 | 53039.0
           Zot |   6.3 |   5.5 |  32.1 |  20.0 |  15.8 | 42123.0
         Sewer |   0.2 |   0.2 |   0.0 |   0.0 |   0.0 | 146.0
        Bailey |   0.8 |   0.8 |   0.0 |   0.0 |   0.1 | 1204.0
               +-------+-------+-------+-------+-------+----------------------
